Workbook

Sheet ведомст 3
D1: Приложение 3
D2: к Решению Совета депутатов
B3: Большеигнатовского муниципального района Республики Мордовия
A4: «О бюджете Большеигнатовского муниципального района
B5: Республики Мордовия на 2022 год и плановый период 2023 и 2024 годов"
E7: от 28.12.2022 г №
A9: ВЕДОМСТВЕННАЯ СТРУКТУРА РАСХОДОВ БЮДЖЕТА БОЛЬШЕИГНАТОВСКОГО МУНИЦИПАЛЬНОГО РАЙОНА РЕСПУБЛИКИ МОРДОВИЯ НА 2022 ГОД И НА ПЛАНОВЫЙ ПЕРИОД 2023 И 2024 ГОДОВ | N9: 900
I11: (тыс. рублей)
A12: Наименование | B12: Адм | C12: Рз | D12: ПРз | E12: ЦСР | I12: ВР | J12: сумма
J13: 2022 | K13: 2022 год | L13: 2023 год | M13: 2024 год
A14: 1 | B14: 2 | C14: 3 | D14: 4 | E14: 5 | F14: 6 | G14: 7 | H14: 8 | I14: 9 | K14: 11 | M14: 12
A15: ВСЕГО | J15: =J16+J295+J375 -> #REF! | K15: =K16+K295+K375 -> 200543.24 | L15: =L16+L295+L375 -> 111943.7 | M15: =M16+M295+M375 -> 85104.1
A16: Администрация Большеигнатовского муниципального района Республики Мордовия | B16: 900 | J16: =J17+J152+J161+J220+J243+J251+J288 -> #REF! | K16: =K17+K152+K161+K220+K243+K251+K288 -> 78131.54 | L16: =L17+L152+L161+L220+L243+L251+L288 -> 52867.7 | M16: =M17+M152+M161+M220+M243+M251+M288 -> 30253.1
A17: Общегосударственные вопросы | B17: 900 | C17: 01 | J17: =J18+J24+J90+J96+J102 -> #REF! | K17: =K18+K24+K90+K96+K102 -> 21756 | L17: =L18+L24+L90+L96+L102 -> 12547.9 | M17: =M18+M24+M90+M96+M102 -> 12547.9
A18: Функционирование высшего должностного лица субъекта Российской Федерации и муниципального образования | B18: 900 | C18: 01 | D18: 02 | J18: =J19 -> #REF! | K18: =K19 -> 1548.1 | L18: =L19 -> 1219.3 | M18: =M19 -> 1219.3
A19: Обеспечение деятельности Администрации Большеигнатовского муниципального района Республики Мордовия | B19: 900 | C19: 01 | D19: 02 | E19: 65 | J19: =J20 -> #REF! | K19: =K20 -> 1548.1 | L19: =L20 -> 1219.3 | M19: =M20 -> 1219.3
A20: Глава Большеигнатовского муниципального района Республики Мордовия | B20: 900 | C20: 01 | D20: 02 | E20: 65 | F20: 1 | J20: =J21 -> #REF! | K20: =K21 -> 1548.1 | L20: =L21 -> 1219.3 | M20: =M21 -> 1219.3
A21: Расходы на выплаты по оплате труда высшего должностного лица | B21: 900 | C21: 01 | D21: 02 | E21: 65 | F21: 1 | G21: 00 | H21: 41150 | J21: =#REF!+#REF! -> #REF! | K21: =K23 -> 1548.1 | L21: =L23 -> 1219.3 | M21: =M23 -> 1219.3
A22: Расходы на выплаты персоналу в целях обеспечения выполнения функций государственными (муниципальными) органами, казенными учреждениями, органами управления государственными внебюджетными фондами | B22: 900 | C22: 01 | D22: 02 | E22: 65 | F22: 1 | G22: 00 | H22: 41150 | I22: 100 | J22: =J23 -> #REF! | K22: =K23 -> 1548.1 | L22: =L23 -> 1219.3 | M22: =M23 -> 1219.3
A23: Расходы на выплаты персоналу государственных (муниципальных) органов | B23: 900 | C23: 01 | D23: 02 | E23: 65 | F23: 1 | G23: 00 | H23: 41150 | I23: 120 | J23: =#REF!+#REF! -> #REF! | K23: 1548.1 | L23: 1219.3 | M23: 1219.3
A24: Функционирование Правительства Российской Федерации, высших исполнительных органов государственной власти субъектов Российской Федерации, местных администраций | B24: 900 | C24: 01 | D24: 04 | J24: =J25+J36+J47+J56+J71 -> #REF! | K24: =K25+K36+K47+K56+K71+K30 -> 12434.8 | L24: =L25+L36+L47+L56+L71+L30 -> 6993.2 | M24: =M25+M36+M47+M56+M71+M30 -> 6993.2
A25: Муниципальная программа «Развитие муниципальной службы в Большеигнатовском муниципальном районе(2015-2024 годы)» | B25: 900 | C25: 01 | D25: 04 | E25: 01 | J25: =J26 -> 25 | K25: =K26 -> 12 | L25: =L26 -> 25 | M25: =M26 -> 25
A26: Основное мероприятие "Повышение квалификации муниципальных служащих" | B26: 900 | C26: 01 | D26: 04 | E26: 01 | F26: 0 | G26: 01 | J26: =J27 -> 25 | K26: =K27 -> 12 | L26: =L27 -> 25 | M26: =M27 -> 25
A27: Подготовка, переподготовка и повышение квалификации кадров | B27: 900 | C27: 01 | D27: 04 | E27: 01 | F27: 0 | G27: 01 | H27: 41250 | J27: =J28 -> 25 | K27: =K28 -> 12 | L27: =L28 -> 25 | M27: =M28 -> 25
A28: Расходы на выплаты персоналу в целях обеспечения выполнения функций государственными (муниципальными) органами, казенными учреждениями, органами управления государственными внебюджетными фондами | B28: 900 | C28: 01 | D28: 04 | E28: 01 | F28: 0 | G28: 01 | H28: 41250 | I28: 100 | J28: =J29 -> 25 | K28: =K29 -> 12 | L28: =L29 -> 25 | M28: =M29 -> 25
A29: Расходы на выплаты персоналу государственных (муниципальных) органов | B29: 900 | C29: 01 | D29: 04 | E29: 01 | F29: 0 | G29: 01 | H29: 41250 | I29: 120 | J29: 25 | K29: 12 | L29: 25 | M29: 25
A30: Муниципальная программа "Жилище" на 2015-2025 годы" | B30: 900 | C30: 01 | D30: 04 | E30: 04 | K30: =K31 -> 10.7 | L30: =L31 -> 0 | M30: =M31 -> 0
A31: Подпрограмма «Обеспечение детей-сирот и детей, оставшихся без попечения родителей, лиц из числа детей-сирот и детей, оставшихся без попечения родителей, жилыми помещениями специализированного жилищного фонда» | B31: 900 | C31: 01 | D31: 04 | E31: 04 | F31: 3 | K31: =K32 -> 10.7 | L31: =L32 -> 0 | M31: =M32 -> 0
A32: Основное мероприятие "Предоставление жилых помещений детям-сиротам и детям, оставшимся без попечения родителей, лицам из их числа по договорам найма специализированных жилых помещений" | B32: 900 | C32: 01 | D32: 04 | E32: 04 | F32: 3 | G32: 01 | K32: =K33 -> 10.7 | L32: =L33 -> 0 | M32: =M33 -> 0
A33: Осуществление государственных полномочий Республики Мордовия по обеспечению детей-сирот и детей, оставшихся без попечения родителей, лиц из числа детей-сирот и детей, оставшихся без попечения родителей, жилыми помещениями специализированного жилищного фонда | B33: 900 | C33: 01 | D33: 04 | E33: 04 | F33: 3 | G33: 01 | H33: Z0820 | K33: =K34 -> 10.7 | L33: =L34 -> 0 | M33: =M34 -> 0
A34: Расходы на выплаты персоналу в целях обеспечения выполнения функций государственными (муниципальными) органами, казенными учреждениями, органами управления государственными внебюджетными фондами | B34: 900 | C34: 01 | D34: 04 | E34: 04 | F34: 3 | G34: 01 | H34: Z0820 | I34: 100 | K34: =K35 -> 10.7 | L34: =L35 -> 0 | M34: =M35 -> 0
A35: Расходы на выплаты персоналу государственных (муниципальных) органов | B35: 900 | C35: 01 | D35: 04 | E35: 04 | F35: 3 | G35: 01 | H35: Z0820 | I35: 120 | K35: 10.7 | L35: 0 | M35: 0
A36: Муниципальная программа Большеигнатовского муниципального района "Цифровая трансформация Большеигнатовского муниципального района Республики Мордовия на 2021-2024 годы" | B36: 900 | C36: 01 | D36: 04 | E36: 18 | J36: =J40+J45+#REF!+#REF! -> #REF! | K36: =K40+K45 -> 223 | L36: =L40+L45 -> 216 | M36: =M40+M45 -> 216
A37: Подпрограмма "Информационная инфраструктура" | B37: 900 | C37: 01 | D37: 04 | E37: 18 | F37: 1 | K37: =K38 -> 223 | L37: =L38 -> 186 | M37: =M38 -> 186
A38: Основное мероприятие "Создание, развитие и эксплуатация структурированных кабельных сетей (локально вычислительных сетей) и телекоммуникационных сервисов в местах размещения органов местного самоуправления" | B38: 900 | C38: 01 | D38: 04 | E38: 18 | F38: 1 | G38: 01 | J38: =J39 -> 127 | K38: =K39 -> 223 | L38: =L39 -> 186 | M38: =M39 -> 186
A39: Мероприятия в области формирования информационного общества | B39: 900 | C39: 01 | D39: 04 | E39: 18 | F39: 1 | G39: 01 | H39: 42070 | J39: =J40 -> 127 | K39: =K40 -> 223 | L39: =L40 -> 186 | M39: =M40 -> 186
A40: Закупка товаров, работ и услуг для обеспечения государственных (муниципальных) нужд | B40: 900 | C40: 01 | D40: 04 | E40: 18 | F40: 1 | G40: 01 | H40: 42070 | I40: 200 | J40: =J41 -> 127 | K40: =K41 -> 223 | L40: =L41 -> 186 | M40: =M41 -> 186
A41: Иные закупки товаров, работ и услуг для обеспечения государственных (муниципальных) нужд | B41: 900 | C41: 01 | D41: 04 | E41: 18 | F41: 1 | G41: 01 | H41: 42070 | I41: 240 | J41: 127 | K41: 223 | L41: =127+59 -> 186 | M41: =127+59 -> 186
A42: Подпрограмма "Информационная безопасность" | B42: 900 | C42: 01 | D42: 04 | E42: 18 | F42: 2 | J42: =J43 -> 89 | K42: =K43 -> 0 | L42: =L43 -> 30 | M42: =M43 -> 30
A43: Основное мероприятие "Аттестация объектов информатизации на соответствие требованиям по защите информации" | B43: 900 | C43: 01 | D43: 04 | E43: 18 | F43: 2 | G43: 01 | J43: =J44 -> 89 | K43: =K44 -> 0 | L43: =L44 -> 30 | M43: =M44 -> 30
A44: Мероприятия в области формирования информационного общества | B44: 900 | C44: 01 | D44: 04 | E44: 18 | F44: 2 | G44: 01 | H44: 42070 | J44: =J45 -> 89 | K44: =K45 -> 0 | L44: =L45 -> 30 | M44: =M45 -> 30
A45: Закупка товаров, работ и услуг для обеспечения государственных (муниципальных) нужд | B45: 900 | C45: 01 | D45: 04 | E45: 18 | F45: 2 | G45: 01 | H45: 42070 | I45: 200 | J45: =J46 -> 89 | K45: =K46 -> 0 | L45: =L46 -> 30 | M45: =M46 -> 30
A46: Иные закупки товаров, работ и услуг для обеспечения государственных (муниципальных) нужд | B46: 900 | C46: 01 | D46: 04 | E46: 18 | F46: 2 | G46: 01 | H46: 42070 | I46: 240 | J46: 89 | K46: 0 | L46: =89-59 -> 30 | M46: =89-59 -> 30
A47: Муниципальная программа по социальной профилактике правонарушений на территории Большеигнатовского муниципального района на 2015 - 2024годы" | B47: 900 | C47: 01 | D47: 04 | E47: 19 | J47: =J48 -> #REF! | K47: =K48 -> 85.7 | L47: =L48 -> 85.7 | M47: =M48 -> 85.7
A48: Подпрограмма "Совершенствование и развитие взаимодействия между органами государственной власти и местного самоуправления в сфере обеспечения единства правового пространства" на 2015 - 2024 годы" | B48: 900 | C48: 01 | D48: 04 | E48: 19 | F48: 1 | J48: =J49 -> #REF! | K48: =K49 -> 85.7 | L48: =L49 -> 85.7 | M48: =M49 -> 85.7
A49: Основное мероприятие "Мероприятия по профилактике правонарушений несовершеннолетних и преступлений, совершенных против них" | B49: 900 | C49: 01 | D49: 04 | E49: 19 | F49: 1 | G49: 01 | J49: =J53+#REF!+J52 -> #REF! | K49: =K53+K52 -> 85.7 | L49: =L53+L52 -> 85.7 | M49: =M53+M52 -> 85.7 | N49: =N53+N52 -> 0 | O49: =O53+O52 -> 0
A50: Осуществление государственных полномочий Республики Мордовия по профилактике безнадзорности и правонарушений несовершеннолетних, защите прав и законных интересов детей и подростков, предусмотренных Законом Республики Мордовия от 30 марта 2005 года № 26-З "Об организации деятельности комиссий по делам несовершеннолетних и защите их прав в Республике Мордовия" | B50: 900 | C50: 01 | D50: 04 | E50: 19 | F50: 1 | G50: 01 | H50: 77030 | J50: 83.8 | K50: 83.8 | L50: 83.8 | M50: 83.8
A51: Расходы на выплаты персоналу в целях обеспечения выполнения функций государственными (муниципальными) органами, казенными учреждениями, органами управления государственными внебюджетными фондами | B51: 900 | C51: 01 | D51: 04 | E51: 19 | F51: 1 | G51: 01 | H51: 77030 | I51: 100 | J51: 83.8 | K51: 83.8 | L51: 83.8 | M51: 83.8
A52: Расходы на выплаты персоналу государственных (муниципальных) органов | B52: 900 | C52: 01 | D52: 04 | E52: 19 | F52: 1 | G52: 01 | H52: 77030 | I52: 120 | J52: 83.8 | K52: 83.8 | L52: 83.8 | M52: 83.8
A53: Осуществление государственных полномочий Республики Мордовия по определению перечня должностных лиц, уполномоченных составлять протоколы об административных правонарушениях, предусмотренных Законом Республики Мордовия от 15 июня 2015 года № 38-З "Об административной ответственности на территории Республики Мордовия" | B53: 900 | C53: 01 | D53: 04 | E53: 19 | F53: 1 | G53: 01 | H53: 77150 | J53: =J54 -> 1.9 | K53: =K54 -> 1.9 | L53: =L54 -> 1.9 | M53: =M54 -> 1.9
A54: Закупка товаров, работ и услуг для обеспечения государственных (муниципальных) нужд | B54: 900 | C54: 01 | D54: 04 | E54: 19 | F54: 1 | G54: 01 | H54: 77150 | I54: 200 | J54: =J55 -> 1.9 | K54: =K55 -> 1.9 | L54: =L55 -> 1.9 | M54: =M55 -> 1.9
A55: Иные закупки товаров, работ и услуг для обеспечения государственных (муниципальных) нужд | B55: 900 | C55: 01 | D55: 04 | E55: 19 | F55: 1 | G55: 01 | H55: 77150 | I55: 240 | J55: 1.9 | K55: 1.9 | L55: 1.9 | M55: 1.9
A56: Обеспечение деятельности Администрации Большеигнатовского муниципального района Республики Мордовия | B56: 900 | C56: 01 | D56: 04 | E56: 65 | J56: =J57 -> #REF! | K56: =K57 -> 11898.7 | L56: =L57 -> 6526.4 | M56: =M57 -> 6526.5
A57: Непрограмные расходы в рамках обеспечения деятельности Администрации Большеигнатовского муниципального района Республики Мордовия | B57: 900 | C57: 01 | D57: 04 | E57: 65 | F57: 2 | J57: =J58+J61+J68 -> #REF! | K57: =K58+K61+K68 -> 11898.7 | L57: =L58+L61+L68 -> 6526.4 | M57: =M58+M61+M68 -> 6526.5
A58: Расходы на выплаты по оплате труда работников органов местного самоуправления | B58: 900 | C58: 01 | D58: 04 | E58: 65 | F58: 2 | G58: 00 | H58: 41110 | J58: =J59 -> 3900.2 | K58: =K59 -> 10410.5 | L58: =L59 -> 5492.3 | M58: =M59 -> 5492.3
A59: Расходы на выплаты персоналу в целях обеспечения выполнения функций государственными (муниципальными) органами, казенными учреждениями, органами управления государственными внебюджетными фондами | B59: 900 | C59: 01 | D59: 04 | E59: 65 | F59: 2 | G59: 00 | H59: 41110 | I59: 100 | J59: =J60 -> 3900.2 | K59: =K60 -> 10410.5 | L59: =L60 -> 5492.3 | M59: =M60 -> 5492.3
A60: Расходы на выплаты персоналу государственных (муниципальных) органов | B60: 900 | C60: 01 | D60: 04 | E60: 65 | F60: 2 | G60: 00 | H60: 41110 | I60: 120 | J60: =7893-3973.6-19.2 -> 3900.2 | K60: =10360.2+50.3 -> 10410.5 | L60: =7781-2288.6-0.1 -> 5492.3 | M60: =7781-2288.6-0.1 -> 5492.3
A61: Расходы на обеспечение функций органов местного самоуправления | B61: 900 | C61: 01 | D61: 04 | E61: 65 | F61: 2 | G61: 00 | H61: 41120 | J61: =J62+J64+J66 -> #REF! | K61: =K62+K64+K66 -> 1430.7 | L61: =L62+L64+L66 -> 976.5 | M61: =M62+M64+M66 -> 976.5
A62: Расходы на выплаты персоналу в целях обеспечения выполнения функций государственными (муниципальными) органами, казенными учреждениями, органами управления государственными внебюджетными фондами | B62: 900 | C62: 01 | D62: 04 | E62: 65 | F62: 2 | G62: 00 | H62: 41120 | I62: 100 | J62: =J63 -> #REF! | K62: =K63 -> 156.4 | L62: =L63 -> 320.2 | M62: =M63 -> 320.2
A63: Расходы на выплаты персоналу государственных (муниципальных) органов | B63: 900 | C63: 01 | D63: 04 | E63: 65 | F63: 2 | G63: 00 | H63: 41120 | I63: 120 | J63: =#REF!+#REF! -> #REF! | K63: =320.2-95.9-67.9 -> 156.4 | L63: 320.2 | M63: 320.2
A64: Закупка товаров, работ и услуг для обеспечения государственных (муниципальных) нужд | B64: 900 | C64: 01 | D64: 04 | E64: 65 | F64: 2 | G64: 00 | H64: 41120 | I64: 200 | J64: =J65 -> 645.5 | K64: =K65 -> 1130 | L64: =L65 -> 641.4 | M64: =M65 -> 641.4
A65: Иные закупки товаров, работ и услуг для обеспечения государственных (муниципальных) нужд | B65: 900 | C65: 01 | D65: 04 | E65: 65 | F65: 2 | G65: 00 | H65: 41120 | I65: 240 | J65: =654.9-3-6.4 -> 645.5 | K65: =654.9-3-6.4+300-1-7+167+25.5 -> 1130 | L65: =670.8-6.5-21.9-1 -> 641.4 | M65: =670.8-6.5-21.9-1 -> 641.4
A66: Иные бюджетные ассигнования | B66: 900 | C66: 01 | D66: 04 | E66: 65 | F66: 2 | G66: 00 | H66: 41120 | I66: 800 | J66: =J67 -> #REF! | K66: =K67 -> 144.3 | L66: =L67 -> 14.9 | M66: =M67 -> 14.9
A67: Уплата налогов, сборов и иных платежей | B67: 900 | C67: 01 | D67: 04 | E67: 65 | F67: 2 | G67: 00 | H67: 41120 | I67: 850 | J67: =#REF!+#REF!+#REF! -> #REF! | K67: =14.9+20+108.7+0.7 -> 144.3 | L67: 14.9 | M67: 14.9
A68: Осуществление государственных полномочий Республики Мордовия по созданию, материально-техническому и организационному обеспечению деятельности административных комиссий | B68: 900 | C68: 01 | D68: 04 | E68: 65 | F68: 2 | G68: 00 | H68: 77020 | J68: =J69 -> #REF! | K68: =K69 -> 57.5 | L68: =L69 -> 57.6 | M68: =M69 -> 57.7
A69: Расходы на выплаты персоналу в целях обеспечения выполнения функций государственными (муниципальными) органами, казенными учреждениями, органами управления государственными внебюджетными фондами | B69: 900 | C69: 01 | D69: 04 | E69: 65 | F69: 2 | G69: 00 | H69: 77020 | I69: 100 | J69: =J70 -> #REF! | K69: =K70 -> 57.5 | L69: =L70 -> 57.6 | M69: =M70 -> 57.7
A70: Расходы на выплаты персоналу государственных (муниципальных) органов | B70: 900 | C70: 01 | D70: 04 | E70: 65 | F70: 2 | G70: 00 | H70: 77020 | I70: 120 | J70: =#REF!+#REF! -> #REF! | K70: 57.5 | L70: 57.6 | M70: 57.7
A71: Непрограммные расходы главных распорядителей средств местного бюджета | B71: 900 | C71: 01 | D71: 04 | E71: 89 | J71: =J72 -> #REF! | K71: =K72 -> 204.7 | L71: =L72 -> 140.1 | M71: =M72 -> 140
A72: Непрограммные расходы в рамках обеспечения деятельности главных распорядителей средств местного бюджета | B72: 900 | C72: 01 | D72: 04 | E72: 89 | F72: 1 | G72: 00 | J72: =J74+J77+J80+J83+#REF! -> #REF! | K72: =K74+K77+K80+K83+K86+K89 -> 204.7 | L72: =L74+L77+L80+L83+L86 -> 140.1 | M72: =M74+M77+M80+M83+M86 -> 140
A73: Осуществление государственных полномочий Республики Мордовия по хранению, комплектованию, учету и использованию архивных документов, находящихся в собственности Республики Мордовия и хранящихся в муниципальных архивах | B73: 900 | C73: 01 | D73: 04 | E73: 89 | F73: 1 | G73: 00 | H73: 77510 | J73: =J74 -> #REF! | K73: =K74 -> 47.9 | L73: =L74 -> 47.3 | M73: =M74 -> 47.1
A74: Расходы на выплаты персоналу в целях обеспечения выполнения функций государственными (муниципальными) органами, казенными учреждениями, органами управления государственными внебюджетными фондами | B74: 900 | C74: 01 | D74: 04 | E74: 89 | F74: 1 | G74: 00 | H74: 77510 | I74: 100 | J74: =J75 -> #REF! | K74: =K75 -> 47.9 | L74: =L75 -> 47.3 | M74: =M75 -> 47.1
A75: Расходы на выплаты персоналу государственных (муниципальных) органов | B75: 900 | C75: 01 | D75: 04 | E75: 89 | F75: 1 | G75: 00 | H75: 77510 | I75: 120 | J75: =#REF!+#REF! -> #REF! | K75: =75.3-27.4 -> 47.9 | L75: =74.4-27.1 -> 47.3 | M75: =73.8-26.7 -> 47.1
A76: Осуществление государственных полномочий Республики Мордовия по ведению учета в качестве нуждающихся в жилых помещениях граждан, которые в соответствии с законодательством Республики Мордовия имеют право на государственную поддержку в строительстве или приобретении жилья | B76: 900 | C76: 01 | D76: 04 | E76: 89 | F76: 1 | G76: 00 | H76: 77540 | J76: =J77 -> #REF! | K76: =K77 -> 70.2 | L76: =L77 -> 70.3 | M76: =M77 -> 70.4
A77: Расходы на выплаты персоналу в целях обеспечения выполнения функций государственными (муниципальными) органами, казенными учреждениями, органами управления государственными внебюджетными фондами | B77: 900 | C77: 01 | D77: 04 | E77: 89 | F77: 1 | G77: 00 | H77: 77540 | I77: 100 | J77: =J78 -> #REF! | K77: =K78 -> 70.2 | L77: =L78 -> 70.3 | M77: =M78 -> 70.4
A78: Расходы на выплаты персоналу государственных (муниципальных) органов | B78: 900 | C78: 01 | D78: 04 | E78: 89 | F78: 1 | G78: 00 | H78: 77540 | I78: 120 | J78: =#REF!+#REF! -> #REF! | K78: 70.2 | L78: 70.3 | M78: 70.4
A79: Осуществление государственных полномочий Республики Мордовия по квотированию рабочих мест для трудоустройства граждан, особо нуждающихся в социальной защите | B79: 900 | C79: 01 | D79: 04 | E79: 89 | F79: 1 | G79: 00 | H79: 77560 | J79: =J80 -> #REF! | K79: =K80 -> 0.6 | L79: =L80 -> 0.6 | M79: =M80 -> 0.6
A80: Закупка товаров, работ и услуг для обеспечения государственных (муниципальных) нужд | B80: 900 | C80: 01 | D80: 04 | E80: 89 | F80: 1 | G80: 00 | H80: 77560 | I80: 200 | J80: =J81 -> #REF! | K80: =K81 -> 0.6 | L80: =L81 -> 0.6 | M80: =M81 -> 0.6
A81: Иные закупки товаров, работ и услуг для обеспечения государственных (муниципальных) нужд | B81: 900 | C81: 01 | D81: 04 | E81: 89 | F81: 1 | G81: 00 | H81: 77560 | I81: 240 | J81: =#REF! -> #REF! | K81: 0.6 | L81: 0.6 | M81: 0.6
A82: Осуществление государственных полномочий Республики Мордовия по установлению регулируемых тарифов на перевозки пассажиров и багажа автомобильным транспортом и городским наземным электрическим транспортом по муниципальным маршрутам регулярных перевозок в границах соответствующего муниципального образования | B82: 900 | C82: 01 | D82: 04 | E82: 89 | F82: 1 | G82: 00 | H82: 77580 | K82: =K83+K85 -> 21.9 | L82: =L83+L85 -> 21.9 | M82: =M83+M85 -> 21.9
A83: Расходы на выплаты персоналу в целях обеспечения выполнения функций государственными (муниципальными) органами, казенными учреждениями, органами управления государственными внебюджетными фондами | B83: 900 | C83: 01 | D83: 04 | E83: 89 | F83: 1 | G83: 00 | H83: 77580 | I83: 100 | K83: =K84 -> 19.5 | L83: =L84 -> 19.5 | M83: =M84 -> 19.5
A84: Расходы на выплаты персоналу государственных (муниципальных) органов | B84: 900 | C84: 01 | D84: 04 | E84: 89 | F84: 1 | G84: 00 | H84: 77580 | I84: 120 | K84: 19.5 | L84: 19.5 | M84: 19.5
A85: Закупка товаров, работ и услуг для обеспечения государственных (муниципальных) нужд | B85: 900 | C85: 01 | D85: 04 | E85: 89 | F85: 1 | G85: 00 | H85: 77580 | I85: 200 | K85: 2.4 | L85: 2.4 | M85: 2.4
A86: Иные закупки товаров, работ и услуг для обеспечения государственных (муниципальных) нужд | B86: 900 | C86: 01 | D86: 04 | E86: 89 | F86: 1 | G86: 00 | H86: 77580 | I86: 240 | K86: 2.4 | L86: 2.4 | M86: 2.4
A87: Cтимулирование применения специального налогового режима "Налог на профессиональный доход" | B87: 900 | C87: 01 | D87: 04 | E87: 89 | F87: 1 | G87: 00 | H87: 78050 | K87: =K88 -> 64.1 | L87: =L88 -> 0 | M87: =M88 -> 0
A88: Закупка товаров, работ и услуг для обеспечения государственных (муниципальных) нужд | B88: 900 | C88: 01 | D88: 04 | E88: 89 | F88: 1 | G88: 00 | H88: 78050 | I88: 200 | K88: =K89 -> 64.1 | L88: =L89 -> 0 | M88: =M89 -> 0
A89: Иные закупки товаров, работ и услуг для обеспечения государственных (муниципальных) нужд | B89: 900 | C89: 01 | D89: 04 | E89: 89 | F89: 1 | G89: 00 | H89: 78050 | I89: 240 | K89: =19.5+29.1+15.5 -> 64.1 | L89: 0 | M89: 0
A90: Судебная система | B90: 900 | C90: 01 | D90: 05 | J90: =J91 -> 6.3 | K90: =K91 -> 11.4 | L90: =L91 -> 0 | M90: =M91 -> 0
A91: Непрограммные расходы главных распорядителей средств местного бюджета | B91: 900 | C91: 01 | D91: 05 | E91: 89 | J91: =J92 -> 6.3 | K91: =K92 -> 11.4 | L91: =L92 -> 0 | M91: =M92 -> 0
A92: Непрограммные расходы в рамках обеспечения деятельности главных распорядителей средств местного бюджета | B92: 900 | C92: 01 | D92: 05 | E92: 89 | F92: 1 | G92: 00 | J92: =J93 -> 6.3 | K92: =K93 -> 11.4 | L92: =L93 -> 0 | M92: =M93 -> 0
A93: Осуществление государственных полномочий Российской Федерации по составлению (изменению) списков кандидатов в присяжные заседатели федеральных судов общей юрисдикции в Российской Федерации | B93: 900 | C93: 01 | D93: 05 | E93: 89 | F93: 1 | G93: 00 | H93: 51200 | J93: =J94 -> 6.3 | K93: =K94 -> 11.4 | L93: =L94 -> 0 | M93: =M94 -> 0
A94: Закупка товаров, работ и услуг для обеспечения государственных (муниципальных) нужд | B94: 900 | C94: 01 | D94: 05 | E94: 89 | F94: 1 | G94: 00 | H94: 51200 | I94: 200 | J94: =J95 -> 6.3 | K94: =K95 -> 11.4 | L94: =L95 -> 0 | M94: =M95 -> 0
A95: Иные закупки товаров, работ и услуг для обеспечения государственных (муниципальных) нужд | B95: 900 | C95: 01 | D95: 05 | E95: 89 | F95: 1 | G95: 00 | H95: 51200 | I95: 240 | J95: 6.3 | K95: 11.4 | L95: 0 | M95: 0
A96: Резервные фонды | B96: 900 | C96: 01 | D96: 11 | J96: =J97 -> 125.1 | K96: =K97 -> 0 | L96: =L97 -> 125.1 | M96: =M97 -> 125.1
A97: Непрограммные расходы главных распорядителей средств местного бюджета | B97: 900 | C97: 01 | D97: 11 | E97: 89 | J97: =J98 -> 125.1 | K97: =K98 -> 0 | L97: =L98 -> 125.1 | M97: =M98 -> 125.1
A98: Непрограммные расходы в рамках обеспечения деятельности главных распорядителей средств местного бюджета | B98: 900 | C98: 01 | D98: 11 | E98: 89 | F98: 1 | J98: =J99 -> 125.1 | K98: =K99 -> 0 | L98: =L99 -> 125.1 | M98: =M99 -> 125.1
A99: Резервный фонд Администрации Большеигнатовского муниципального района Республики Мордовия | B99: 900 | C99: 01 | D99: 11 | E99: 89 | F99: 1 | G99: 00 | H99: 41180 | J99: =J100 -> 125.1 | K99: =K100 -> 0 | L99: =L100 -> 125.1 | M99: =M100 -> 125.1
A100: Иные бюджетные ассигнования | B100: 900 | C100: 01 | D100: 11 | E100: 89 | F100: 1 | G100: 00 | H100: 41180 | I100: 800 | J100: =J101 -> 125.1 | K100: =K101 -> 0 | L100: =L101 -> 125.1 | M100: =M101 -> 125.1
A101: Резервные средства | B101: 900 | C101: 01 | D101: 11 | E101: 89 | F101: 1 | G101: 00 | H101: 41180 | I101: 870 | J101: 125.1 | K101: 0 | L101: 125.1 | M101: 125.1
A102: Другие общегосударственные вопросы | B102: 900 | C102: 01 | D102: 13 | J102: =J103+J108+J125+J136+J141 -> #REF! | K102: =K103+K108+K125+K136+K141+K131 -> 7761.7 | L102: =L103+L108+L125+L136+L141+L131 -> 4210.3 | M102: =M103+M108+M125+M136+M141+M131 -> 4210.3
A103: Муниципальная программа "Содействие занятости населения Большеигнатовского муниципального района на 2015-2024 годы" | B103: 900 | C103: 01 | D103: 13 | E103: 07 | J103: =J104 -> #REF! | K103: =K104 -> 3 | L103: =L104 -> 3 | M103: =M104 -> 3
...

Sheet разд.подразд 4
K2: Приложение 4
G3: к решению Совета депутатов Большеигнатовского муниципального района
D4: муниципального района Республики Мордовия
B5: «О бюджете Большеигнатовского муниципального района
A6: Республики Мордовия на 2022 год и плановый период 2023 и 2024 годов"
J7: от 28.12.2022 г №
A9: РАСПРЕДЕЛЕНИЕ БЮДЖЕТНЫХ АССИГНОВАНИЙ БЮДЖЕТА БОЛЬШЕИГНАТОВСКОГО МУНИЦИПАЛЬНОГО РАЙОНА РЕСПУБЛИКИ МОРДОВИЯ ПО РАЗДЕЛАМ, ПОДРАЗДЕЛАМ, ЦЕЛЕВЫМ СТАТЬЯМ (МУНИЦИПАЛЬНЫМ ПРОГРАММАМ И НЕПРОГРАММНЫМ НАПРАВЛЕНИЯМ ДЕЯТЕЛЬНОСТИ), ГРУППАМ И ПОДГРУППАМ ВИДОВ РАСХОДОВ КЛАССИФИКАЦИИ РАСХОДОВ БЮДЖЕТОВ НА 2022 ГОД И НА ПЛАНОВЫЙ ПЕРИОД 2023 И 2024 ГОДОВ
A10: тыс.руб.
A11: Наименование | B11: РЗ | C11: ПРЗ | D11: ЦСР | H11: ВР | I11: сумма (тыс.руб.)
A13: 1 | B13: 2 | C13: 3 | D13: 4 | E13: 5 | F13: 6 | G13: 7 | H13: 8 | I13: 9 | J13: 2022 год | K13: 2023 год | L13: 2024 год
A14: Всего | J14: =J15+J194+J221+J282+J305+J389+J431+J479+J488+J495+J503+J518+2 -> 200543.24 | K14: =K15+K194+K221+K282+K305+K389+K431+K479+K488+K495+K503+K518 -> 111943.7 | L14: =L15+L194+L221+L282+L305+L389+L431+L479+L488+L495+L503+L518 -> 85104.1
A15: Общегосударственные вопросы | B15: 01 | J15: =J16+J22+J94+J100+J119+J125 -> 30588.5 | K15: =K16+K22+K94+K100+K119+K125 -> 19981.5 | L15: =L16+L22+L94+L100+L119+L125 -> 19981.6
A16: Функционирование высшего должностного лица субъекта Российской Федерации и муниципального образования | B16: 01 | C16: 02 | J16: =J18 -> 1548.1 | K16: =K18 -> 1219.3 | L16: =L18 -> 1219.3
A17: Обеспечение деятельности Администрации Большеигнатовского муниципального района Республики Мордовия | B17: 01 | C17: 02 | D17: 65 | J17: =J18 -> 1548.1 | K17: =K18 -> 1219.3 | L17: =L18 -> 1219.3
A18: Глава Большеигнатовского муниципального района | B18: 01 | C18: 02 | D18: 65 | E18: 1 | J18: =J19 -> 1548.1 | K18: =K19 -> 1219.3 | L18: =L19 -> 1219.3
A19: Расходы на выплаты по оплате труда высшего должностного лица | B19: 01 | C19: 02 | D19: 65 | E19: 1 | F19: 00 | G19: 41150 | J19: =J20 -> 1548.1 | K19: =K20 -> 1219.3 | L19: =L20 -> 1219.3
A20: Расходы на выплаты персоналу в целях обеспечения выполнения функций государственными (муниципальными) органами, казенными учреждениями, органами управления государственными внебюджетными фондами | B20: 01 | C20: 02 | D20: 65 | E20: 1 | F20: 00 | G20: 41150 | H20: 100 | J20: =J21 -> 1548.1 | K20: =K21 -> 1219.3 | L20: =L21 -> 1219.3
A21: Расходы на выплаты персоналу государственных (муниципальных) органов | B21: 01 | C21: 02 | D21: 65 | E21: 1 | F21: 00 | G21: 41150 | H21: 120 | J21: ='ведомст 3'!K23 -> 1548.1 | K21: ='ведомст 3'!L23 -> 1219.3 | L21: ='ведомст 3'!M23 -> 1219.3
A22: Функционирование Правительства Российской Федерации, высших органов исполнительной власти субъектов Российской Федерации, местных администраций | B22: 01 | C22: 04 | J22: =J23+J28++J40+J51+J60+J75+J34 -> 14159 | K22: =K23+K28++K40+K51+K60+K75+K34 -> 8488.4 | L22: =L23+L28++L40+L51+L60+L75+L34 -> 8488.5
A23: Муниципальная программа «Развитие муниципальной службы в Большеигнатовском муниципальном районе(2015-2024 годы)» | B23: 01 | C23: 04 | D23: 01 | J23: =J24 -> 12 | K23: =K24 -> 28 | L23: =L24 -> 28
A24: Основное мероприятие "Повышение квалификации муниципальных служащих" | B24: 01 | C24: 04 | D24: 01 | E24: 0 | F24: 01 | J24: =J25 -> 12 | K24: =K25 -> 28 | L24: =L25 -> 28
A25: Подготовка, переподготовка и повышение квалификации кадров | B25: 01 | C25: 04 | D25: 01 | E25: 0 | F25: 01 | G25: 41250 | J25: =J26 -> 12 | K25: =K26 -> 28 | L25: =L26 -> 28
A26: Расходы на выплаты персоналу в целях обеспечения выполнения функций государственными (муниципальными) органами, казенными учреждениями, органами управления государственными внебюджетными фондами | B26: 01 | C26: 04 | D26: 01 | E26: 0 | F26: 01 | G26: 41250 | H26: 100 | J26: =J27 -> 12 | K26: =K27 -> 28 | L26: =L27 -> 28
A27: Расходы на выплаты персоналу государственных (муниципальных) органов | B27: 01 | C27: 04 | D27: 01 | E27: 0 | F27: 01 | G27: 41250 | H27: 120 | J27: ='ведомст 3'!K29+'ведомст 3'!K382 -> 12 | K27: ='ведомст 3'!L29+'ведомст 3'!L382 -> 28 | L27: ='ведомст 3'!M29+'ведомст 3'!M382 -> 28
A28: Муниципальная программа «Развитие образования в Большеигнатовском муниципальном районе Республики Мордовия на 2015-2025 годы" | B28: 01 | C28: 04 | D28: 02 | J28: =J29 -> 56.2 | K28: =K29 -> 56.3 | L28: =L29 -> 56.4
A29: Подпрограмма «Обеспечение реализации муниципальной программы «Развитие образования в Большеигнатовском муниципальном районе на 2015 - 2025 годы" и прочие мероприятия в области образования | B29: 01 | C29: 04 | D29: 02 | E29: 3 | J29: =J30 -> 56.2 | K29: =K30 -> 56.3 | L29: =L30 -> 56.4
A30: Основное мероприятие «Обеспечение реализации государственных полномочий переданных органам местного самоуправления по опеке и попечительству» | B30: 01 | C30: 04 | D30: 02 | E30: 3 | F30: 02 | J30: =J31 -> 56.2 | K30: =K31 -> 56.3 | L30: =L31 -> 56.4
A31: Осуществление государственных полномочий Республики Мордовия по организации и осуществлению деятельности по опеке и попечительству в отношении несовершеннолетних граждан, проживающих на территории Республики Мордовия | B31: 01 | C31: 04 | D31: 02 | E31: 3 | F31: 02 | G31: 77550 | J31: =J32 -> 56.2 | K31: =K32 -> 56.3 | L31: =L32 -> 56.4
A32: Расходы на выплаты персоналу в целях обеспечения выполнения функций государственными (муниципальными) органами, казенными учреждениями, органами управления государственными внебюджетными фондами | B32: 01 | C32: 04 | D32: 02 | E32: 3 | F32: 02 | G32: 77550 | H32: 100 | J32: =J33 -> 56.2 | K32: =K33 -> 56.3 | L32: =L33 -> 56.4
A33: Расходы на выплаты персоналу государственных (муниципальных) органов | B33: 01 | C33: 04 | D33: 02 | E33: 3 | F33: 02 | G33: 77550 | H33: 120 | J33: ='ведомст 3'!K388 -> 56.2 | K33: ='ведомст 3'!L388 -> 56.3 | L33: ='ведомст 3'!M388 -> 56.4
A34: Муниципальная программа "Жилище" на 2015-2025 годы" | B34: 01 | C34: 04 | D34: 04 | J34: ='ведомст 3'!K30 -> 10.7 | K34: ='ведомст 3'!L30 -> 0 | L34: ='ведомст 3'!M30 -> 0
A35: Подпрограмма «Обеспечение детей-сирот и детей, оставшихся без попечения родителей, лиц из числа детей-сирот и детей, оставшихся без попечения родителей, жилыми помещениями специализированного жилищного фонда» | B35: 01 | C35: 04 | D35: 04 | E35: 3 | J35: ='ведомст 3'!K31 -> 10.7 | K35: ='ведомст 3'!L31 -> 0 | L35: ='ведомст 3'!M31 -> 0
A36: Основное мероприятие "Предоставление жилых помещений детям-сиротам и детям, оставшимся без попечения родителей, лицам из их числа по договорам найма специализированных жилых помещений" | B36: 01 | C36: 04 | D36: 04 | E36: 3 | F36: 01 | J36: ='ведомст 3'!K32 -> 10.7 | K36: ='ведомст 3'!L32 -> 0 | L36: ='ведомст 3'!M32 -> 0
A37: Осуществление государственных полномочий Республики Мордовия по обеспечению детей-сирот и детей, оставшихся без попечения родителей, лиц из числа детей-сирот и детей, оставшихся без попечения родителей, жилыми помещениями специализированного жилищного фонда | B37: 01 | C37: 04 | D37: 04 | E37: 3 | F37: 01 | G37: Z0820 | J37: ='ведомст 3'!K33 -> 10.7 | K37: ='ведомст 3'!L33 -> 0 | L37: ='ведомст 3'!M33 -> 0
A38: Расходы на выплаты персоналу в целях обеспечения выполнения функций государственными (муниципальными) органами, казенными учреждениями, органами управления государственными внебюджетными фондами | B38: 01 | C38: 04 | D38: 04 | E38: 3 | F38: 01 | G38: Z0820 | H38: 100 | J38: ='ведомст 3'!K34 -> 10.7 | K38: ='ведомст 3'!L34 -> 0 | L38: ='ведомст 3'!M34 -> 0
A39: Расходы на выплаты персоналу государственных (муниципальных) органов | B39: 01 | C39: 04 | D39: 04 | E39: 3 | F39: 01 | G39: Z0820 | H39: 120 | J39: ='ведомст 3'!K35 -> 10.7 | K39: ='ведомст 3'!L35 -> 0 | L39: ='ведомст 3'!M35 -> 0
A40: Муниципальная программа Большеигнатовского муниципального района "Цифровая трансформация Большеигнатовского муниципального района Республики Мордовия на 2021-2024 годы" | B40: 01 | C40: 04 | D40: 18 | J40: =J42+J46 -> 223 | K40: =K42+K46 -> 216 | L40: =L42+L46 -> 216
A41: Подпрограмма "Информационная инфраструктура" | B41: 01 | C41: 04 | D41: 18 | E41: 1 | J41: =J42 -> 223 | K41: =K42 -> 186 | L41: =L42 -> 186
A42: Основное мероприятие "Создание, развитие и эксплуатация структурированных кабельных сетей (локально вычислительных сетей) и телекоммуникационных сервисов в местах размещения органов местного самоуправления" | B42: 01 | C42: 04 | D42: 18 | E42: 1 | F42: 01 | J42: =J43 -> 223 | K42: =K43 -> 186 | L42: =L43 -> 186
A43: Мероприятия в области формирования информационного общества | B43: 01 | C43: 04 | D43: 18 | E43: 1 | F43: 01 | G43: 42070 | J43: =J44 -> 223 | K43: =K44 -> 186 | L43: =L44 -> 186
A44: Закупка товаров, работ и услуг для обеспечения государственных (муниципальных) нужд | B44: 01 | C44: 04 | D44: 18 | E44: 1 | F44: 01 | G44: 42070 | H44: 200 | J44: =J45 -> 223 | K44: =K45 -> 186 | L44: =L45 -> 186
A45: Иные закупки товаров, работ и услуг для обеспечения государственных (муниципальных) нужд | B45: 01 | C45: 04 | D45: 18 | E45: 1 | F45: 01 | G45: 42070 | H45: 240 | J45: ='ведомст 3'!K41 -> 223 | K45: ='ведомст 3'!L41 -> 186 | L45: ='ведомст 3'!M41 -> 186
A46: Подпрограмма "Информационная безопасность" | B46: 01 | C46: 04 | D46: 18 | E46: 2 | J46: =J48 -> 0 | K46: =K48 -> 30 | L46: =L48 -> 30
A47: Основное мероприятие "Аттестация объектов информатизации на соответствие требованиям по защите информации" | B47: 01 | C47: 04 | D47: 18 | E47: 2 | F47: 01 | J47: =J48 -> 0 | K47: =K48 -> 30 | L47: =L48 -> 30
A48: Мероприятия в области формирования информационного общества | B48: 01 | C48: 04 | D48: 18 | E48: 2 | F48: 01 | G48: 42070 | J48: =J49 -> 0 | K48: =K49 -> 30 | L48: =L49 -> 30
A49: Закупка товаров, работ и услуг для обеспечения государственных (муниципальных) нужд | B49: 01 | C49: 04 | D49: 18 | E49: 2 | F49: 01 | G49: 42070 | H49: 200 | J49: =J50 -> 0 | K49: =K50 -> 30 | L49: =L50 -> 30
A50: Иные закупки товаров, работ и услуг для обеспечения государственных (муниципальных) нужд | B50: 01 | C50: 04 | D50: 18 | E50: 2 | F50: 01 | G50: 42070 | H50: 240 | J50: ='ведомст 3'!K46 -> 0 | K50: ='ведомст 3'!L46 -> 30 | L50: ='ведомст 3'!M46 -> 30
A51: Муниципальная программа по социальной профилактике правонарушений на территории Большеигнатовского муниципального района на 2015 - 2024 годы" | B51: 01 | C51: 04 | D51: 19 | J51: =J52 -> 85.7 | K51: =K52 -> 85.7 | L51: =L52 -> 85.7
A52: Подпрограмма "Совершенствование и развитие взаимодействия между органами государственной власти и местного самоуправления в сфере обеспечения единства правового пространства" на 2015 - 2024 годы" | B52: 01 | C52: 04 | D52: 19 | E52: 1 | J52: =J53 -> 85.7 | K52: =K53 -> 85.7 | L52: =L53 -> 85.7
A53: Основное мероприятие "Мероприятия по профилактике правонарушений несовершеннолетних и преступлений, совершенных против них" | B53: 01 | C53: 04 | D53: 19 | E53: 1 | F53: 01 | J53: =J57+J56 -> 85.7 | K53: =K57+K56 -> 85.7 | L53: =L57+L56 -> 85.7
A54: Осуществление государственных полномочий Республики Мордовия по профилактике безнадзорности и правонарушений несовершеннолетних, защите прав и законных интересов детей и подростков, предусмотренных Законом Республики Мордовия от 30 марта 2005 года № 26-З "Об организации деятельности комиссий по делам несовершеннолетних и защите их прав в Республике Мордовия" | B54: 01 | C54: 04 | D54: 19 | E54: 1 | F54: 01 | G54: 77030 | J54: =J55 -> 83.8 | K54: =K55 -> 83.8 | L54: =L55 -> 83.8
A55: Расходы на выплаты персоналу в целях обеспечения выполнения функций государственными (муниципальными) органами, казенными учреждениями, органами управления государственными внебюджетными фондами | B55: 01 | C55: 04 | D55: 19 | E55: 1 | F55: 01 | G55: 77030 | H55: 100 | J55: =J56 -> 83.8 | K55: =K56 -> 83.8 | L55: =L56 -> 83.8
A56: Расходы на выплаты персоналу государственных (муниципальных) органов | B56: 01 | C56: 04 | D56: 19 | E56: 1 | F56: 01 | G56: 77030 | H56: 120 | J56: ='ведомст 3'!K52 -> 83.8 | K56: ='ведомст 3'!L52 -> 83.8 | L56: ='ведомст 3'!M52 -> 83.8
A57: Осуществление государственных полномочий Республики Мордовия по определению перечня должностных лиц, уполномоченных составлять протоколы об административных правонарушениях, предусмотренных Законом Республики Мордовия от 15 июня 2015 года № 38-З "Об административной ответственности на территории Республики Мордовия" | B57: 01 | C57: 04 | D57: 19 | E57: 1 | F57: 01 | G57: 77150 | J57: =J58 -> 1.9 | K57: =K58 -> 1.9 | L57: =L58 -> 1.9
A58: Закупка товаров, работ и услуг для обеспечения государственных (муниципальных) нужд | B58: 01 | C58: 04 | D58: 19 | E58: 1 | F58: 01 | G58: 77150 | H58: 200 | J58: =J59 -> 1.9 | K58: =K59 -> 1.9 | L58: =L59 -> 1.9
A59: Иные закупки товаров, работ и услуг для обеспечения государственных (муниципальных) нужд | B59: 01 | C59: 04 | D59: 19 | E59: 1 | F59: 01 | G59: 77150 | H59: 240 | J59: ='ведомст 3'!K55 -> 1.9 | K59: ='ведомст 3'!L55 -> 1.9 | L59: ='ведомст 3'!M55 -> 1.9
A60: Обеспечение деятельности Администрации Большеигнатовского муниципального района Республики Мордовия | B60: 01 | C60: 04 | D60: 65 | J60: =J61 -> 13566.7 | K60: =K61 -> 7962.3 | L60: =L61 -> 7962.4
A61: Непрограмные расходы в рамках обеспечения деятельности Администрации Большеигнатовского муниципального района Республики Мордовия | B61: 01 | C61: 04 | D61: 65 | E61: 2 | J61: =J62+J65+J72 -> 13566.7 | K61: =K62+K65+K72 -> 7962.3 | L61: =L62+L65+L72 -> 7962.4
A62: Расходы на выплаты по оплате труда работников местного самоуправления | B62: 01 | C62: 04 | D62: 65 | E62: 2 | F62: 00 | G62: 41110 | J62: =J63 -> 12026.5 | K62: =K63 -> 6874.2 | L62: =L63 -> 6874.2
A63: Расходы на выплаты персоналу в целях обеспечения выполнения функций государственными (муниципальными) органами, казенными учреждениями, органами управления государственными внебюджетными фондами | B63: 01 | C63: 04 | D63: 65 | E63: 2 | F63: 00 | G63: 41110 | H63: 100 | J63: =J64 -> 12026.5 | K63: =K64 -> 6874.2 | L63: =L64 -> 6874.2
A64: Расходы на выплаты персоналу государственных (муниципальных) органов | B64: 01 | C64: 04 | D64: 65 | E64: 2 | F64: 00 | G64: 41110 | H64: 120 | J64: ='ведомст 3'!K60+'ведомст 3'!K393 -> 12026.5 | K64: ='ведомст 3'!L60+'ведомст 3'!L393 -> 6874.2 | L64: ='ведомст 3'!M60+'ведомст 3'!M393 -> 6874.2
A65: Расходы на обеспечение функций органов местного самоуправления | B65: 01 | C65: 04 | D65: 65 | E65: 2 | F65: 00 | G65: 41120 | J65: =J66+J68+J70 -> 1482.7 | K65: =K66+K68+K70 -> 1030.5 | L65: =L66+L68+L70 -> 1030.5
A66: Расходы на выплаты персоналу в целях обеспечения выполнения функций государственными (муниципальными) органами, казенными учреждениями, органами управления государственными внебюджетными фондами | B66: 01 | C66: 04 | D66: 65 | E66: 2 | F66: 00 | G66: 41120 | H66: 100 | J66: =J67 -> 156.4 | K66: =K67 -> 320.2 | L66: =L67 -> 320.2
A67: Расходы на выплаты персоналу государственных (муниципальных) органов | B67: 01 | C67: 04 | D67: 65 | E67: 2 | F67: 00 | G67: 41120 | H67: 120 | J67: ='ведомст 3'!K63 -> 156.4 | K67: ='ведомст 3'!L63 -> 320.2 | L67: ='ведомст 3'!M63 -> 320.2
A68: Закупка товаров, работ и услуг для обеспечения государственных (муниципальных) нужд | B68: 01 | C68: 04 | D68: 65 | E68: 2 | F68: 00 | G68: 41120 | H68: 200 | J68: =J69 -> 1170 | K68: =K69 -> 695.4 | L68: =L69 -> 695.4
A69: Иные закупки товаров, работ и услуг для обеспечения государственных (муниципальных) нужд | B69: 01 | C69: 04 | D69: 65 | E69: 2 | F69: 00 | G69: 41120 | H69: 240 | J69: ='ведомст 3'!K396+'ведомст 3'!K65 -> 1170 | K69: ='ведомст 3'!L396+'ведомст 3'!L65 -> 695.4 | L69: ='ведомст 3'!M396+'ведомст 3'!M65 -> 695.4
A70: Иные бюджетные ассигнования | B70: 01 | C70: 04 | D70: 65 | E70: 2 | F70: 00 | G70: 41120 | H70: 800 | J70: =J71 -> 156.3 | K70: =K71 -> 14.9 | L70: =L71 -> 14.9
A71: Уплата налогов, сборов и иных платежей | B71: 01 | C71: 04 | D71: 65 | E71: 2 | F71: 00 | G71: 41120 | H71: 850 | J71: ='ведомст 3'!K67+'ведомст 3'!K398 -> 156.3 | K71: ='ведомст 3'!L67 -> 14.9 | L71: ='ведомст 3'!M67 -> 14.9
A72: Осуществление государственных полномочий Республики Мордовия по созданию, материально-техническому и организационному обеспечению деятельности административных комиссий | B72: 01 | C72: 04 | D72: 65 | E72: 2 | F72: 00 | G72: 77020 | J72: =J73 -> 57.5 | K72: =K73 -> 57.6 | L72: =L73 -> 57.7
A73: Расходы на выплаты персоналу в целях обеспечения выполнения функций государственными (муниципальными) органами, казенными учреждениями, органами управления государственными внебюджетными фондами | B73: 01 | C73: 04 | D73: 65 | E73: 2 | F73: 00 | G73: 77020 | H73: 100 | J73: =J74 -> 57.5 | K73: =K74 -> 57.6 | L73: =L74 -> 57.7
A74: Расходы на выплаты персоналу государственных (муниципальных) органов | B74: 01 | C74: 04 | D74: 65 | E74: 2 | F74: 00 | G74: 77020 | H74: 120 | J74: ='ведомст 3'!K70 -> 57.5 | K74: ='ведомст 3'!L70 -> 57.6 | L74: ='ведомст 3'!M70 -> 57.7
A75: Непрограммные расходы главных распорядителей средств местного бюджета | B75: 01 | C75: 04 | D75: 89 | J75: =J76 -> 204.7 | K75: =K76 -> 140.1 | L75: =L76 -> 140
A76: Непрограммные расходы в рамках обеспечения деятельности главных распорядителей средств местного бюджета | B76: 01 | C76: 04 | D76: 89 | E76: 1 | F76: 00 | J76: =J77+J80+J83+J86+J93 -> 204.7 | K76: =K77+K80+K83+K86 -> 140.1 | L76: =L77+L80+L83+L86 -> 140
A77: Осуществление государственных полномочий Республики Мордовия по хранению, комплектованию, учету и использованию архивных документов, находящихся в собственности Республики Мордовия и хранящихся в муниципальных архивах | B77: 01 | C77: 04 | D77: 89 | E77: 1 | F77: 00 | G77: 77510 | J77: =J78 -> 47.9 | K77: =K78 -> 47.3 | L77: =L78 -> 47.1
A78: Расходы на выплаты персоналу в целях обеспечения выполнения функций государственными (муниципальными) органами, казенными учреждениями, органами управления государственными внебюджетными фондами | B78: 01 | C78: 04 | D78: 89 | E78: 1 | F78: 00 | G78: 77510 | H78: 100 | J78: =J79 -> 47.9 | K78: =K79 -> 47.3 | L78: =L79 -> 47.1
A79: Расходы на выплаты персоналу государственных (муниципальных) органов | B79: 01 | C79: 04 | D79: 89 | E79: 1 | F79: 00 | G79: 77510 | H79: 120 | J79: ='ведомст 3'!K75 -> 47.9 | K79: ='ведомст 3'!L75 -> 47.3 | L79: ='ведомст 3'!M75 -> 47.1
A80: Осуществление государственных полномочий Республики Мордовия по ведению учета в качестве нуждающихся в жилых помещениях граждан, которые в соответствии с законодательством Республики Мордовия имеют право на государственную поддержку в строительстве или приобретении жилья | B80: 01 | C80: 04 | D80: 89 | E80: 1 | F80: 00 | G80: 77540 | J80: =J81 -> 70.2 | K80: =K81 -> 70.3 | L80: =L81 -> 70.4
A81: Расходы на выплаты персоналу в целях обеспечения выполнения функций государственными (муниципальными) органами, казенными учреждениями, органами управления государственными внебюджетными фондами | B81: 01 | C81: 04 | D81: 89 | E81: 1 | F81: 00 | G81: 77540 | H81: 100 | J81: =J82 -> 70.2 | K81: =K82 -> 70.3 | L81: =L82 -> 70.4
A82: Расходы на выплаты персоналу государственных (муниципальных) органов | B82: 01 | C82: 04 | D82: 89 | E82: 1 | F82: 00 | G82: 77540 | H82: 120 | J82: ='ведомст 3'!K78 -> 70.2 | K82: ='ведомст 3'!L78 -> 70.3 | L82: ='ведомст 3'!M78 -> 70.4
A83: Осуществление государственных полномочий Республики Мордовия по квотированию рабочих мест для трудоустройства граждан, особо нуждающихся в социальной защите | B83: 01 | C83: 04 | D83: 89 | E83: 1 | F83: 00 | G83: 77560 | J83: =J84 -> 0.6 | K83: =K84 -> 0.6 | L83: =L84 -> 0.6
A84: Закупка товаров, работ и услуг для обеспечения государственных (муниципальных) нужд | B84: 01 | C84: 04 | D84: 89 | E84: 1 | F84: 00 | G84: 77560 | H84: 200 | J84: =J85 -> 0.6 | K84: =K85 -> 0.6 | L84: =L85 -> 0.6
A85: Иные закупки товаров, работ и услуг для обеспечения государственных (муниципальных) нужд | B85: 01 | C85: 04 | D85: 89 | E85: 1 | F85: 00 | G85: 77560 | H85: 240 | J85: ='ведомст 3'!K81 -> 0.6 | K85: ='ведомст 3'!L81 -> 0.6 | L85: ='ведомст 3'!M81 -> 0.6
A86: Осуществление государственных полномочий Республики Мордовия по установлению регулируемых тарифов на перевозки пассажиров и багажа автомобильным транспортом и городским наземным электрическим транспортом по муниципальным маршрутам регулярных перевозок в границах соответствующего муниципального образования | B86: 01 | C86: 04 | D86: 89 | E86: 1 | F86: 00 | G86: 77580 | J86: =J87+J89 -> 21.9 | K86: =K87+K89 -> 21.9 | L86: =L87+L89 -> 21.9
A87: Расходы на выплаты персоналу в целях обеспечения выполнения функций государственными (муниципальными) органами, казенными учреждениями, органами управления государственными внебюджетными фондами | B87: 01 | C87: 04 | D87: 89 | E87: 1 | F87: 00 | G87: 77580 | H87: 100 | J87: =J88 -> 19.5 | K87: =K88 -> 19.5 | L87: =L88 -> 19.5
A88: Расходы на выплаты персоналу государственных (муниципальных) органов | B88: 01 | C88: 04 | D88: 89 | E88: 1 | F88: 00 | G88: 77580 | H88: 120 | J88: ='ведомст 3'!K84 -> 19.5 | K88: ='ведомст 3'!L84 -> 19.5 | L88: ='ведомст 3'!M84 -> 19.5
A89: Закупка товаров, работ и услуг для обеспечения государственных (муниципальных) нужд | B89: 01 | C89: 04 | D89: 89 | E89: 1 | F89: 00 | G89: 77580 | H89: 200 | J89: ='ведомст 3'!K86 -> 2.4 | K89: =K90 -> 2.4 | L89: =L90 -> 2.4
A90: Иные закупки товаров, работ и услуг для обеспечения государственных (муниципальных) нужд | B90: 01 | C90: 04 | D90: 89 | E90: 1 | F90: 00 | G90: 77580 | H90: 240 | J90: ='ведомст 3'!K86 -> 2.4 | K90: ='ведомст 3'!L86 -> 2.4 | L90: ='ведомст 3'!M86 -> 2.4
A91: Cтимулирование применения специального налогового режима "Налог на профессиональный доход" | B91: 01 | C91: 04 | D91: 89 | E91: 1 | F91: 00 | G91: 78050 | J91: =J92 -> 64.1 | K91: =K92 -> 0 | L91: =L92 -> 0
A92: Закупка товаров, работ и услуг для обеспечения государственных (муниципальных) нужд | B92: 01 | C92: 04 | D92: 89 | E92: 1 | F92: 00 | G92: 78050 | H92: 200 | J92: =J93 -> 64.1 | K92: =K93 -> 0 | L92: =L93 -> 0
A93: Иные закупки товаров, работ и услуг для обеспечения государственных (муниципальных) нужд | B93: 01 | C93: 04 | D93: 89 | E93: 1 | F93: 00 | G93: 78050 | H93: 240 | J93: ='ведомст 3'!K89 -> 64.1 | K93: ='ведомст 3'!L89 -> 0 | L93: ='ведомст 3'!M89 -> 0
A94: Судебная система | B94: 01 | C94: 05 | J94: =J95 -> 11.4 | K94: =K95 -> 0 | L94: =L95 -> 0
A95: Непрограммные расходы главных распорядителей средств местного бюджета | B95: 01 | C95: 05 | D95: 89 | J95: =J96 -> 11.4 | K95: =K96 -> 0 | L95: =L96 -> 0
A96: Непрограммные расходы в рамках обеспечения деятельности главных распорядителей средств местного бюджета | B96: 01 | C96: 05 | D96: 89 | E96: 1 | F96: 00 | J96: =J97 -> 11.4 | K96: =K97 -> 0 | L96: =L97 -> 0
A97: Осуществление государственных полномочий Российской Федерации по составлению (изменению) списков кандидатов в присяжные заседатели федеральных судов общей юрисдикции в Российской Федерации | B97: 01 | C97: 05 | D97: 89 | E97: 1 | F97: 00 | G97: 51200 | J97: =J98 -> 11.4 | K97: =K98 -> 0 | L97: =L98 -> 0
A98: Закупка товаров, работ и услуг для обеспечения государственных (муниципальных) нужд | B98: 01 | C98: 05 | D98: 89 | E98: 1 | F98: 00 | G98: 51200 | H98: 200 | J98: =J99 -> 11.4 | K98: =K99 -> 0 | L98: =L99 -> 0
A99: Иные закупки товаров, работ и услуг для обеспечения государственных (муниципальных) нужд | B99: 01 | C99: 05 | D99: 89 | E99: 1 | F99: 00 | G99: 51200 | H99: 240 | J99: ='ведомст 3'!K95 -> 11.4 | K99: ='ведомст 3'!L95 -> 0 | L99: ='ведомст 3'!M95 -> 0
A100: Обеспечение деятельности финансовых, налоговых и таможенных органов и органов финансового (финансово-бюджетного) надзора | B100: 01 | C100: 06 | J100: =J101+J106 -> 3020.9 | K100: =K101+K106 -> 2437.2 | L100: =L101+L106 -> 2437.2
A101: Муниципальная программа «Развитие муниципальной службы в Большеигнатовском муниципальном районе(2015-2024 годы)» | B101: 01 | C101: 06 | D101: 01 | J101: =J102 -> 0 | K101: =K102 -> 2 | L101: =L102 -> 2
A102: Основное мероприятие "Повышение квалификации муниципальных служащих" | B102: 01 | C102: 06 | D102: 01 | E102: 0 | F102: 01 | J102: =J103 -> 0 | K102: =K103 -> 2 | L102: =L103 -> 2
A103: Подготовка, переподготовка и повышение квалификации кадров | B103: 01 | C103: 06 | D103: 01 | E103: 0 | F103: 01 | G103: 41250 | J103: =J104 -> 0 | K103: =K104 -> 2 | L103: =L104 -> 2
...

Sheet цел.ст. 5
I1: Приложение 5 к решению Совета депутатов Большеигнатовского муниципального района Республики Мордовия «О бюджете Большеигнатовского муниципального района Республики Мордовия на 2022 год и на плановый период 2023 и 2024 годов» от 28.12. 2022 г.№
A2: РАСПРЕДЕЛЕНИЕ БЮДЖЕТНЫХ АССИГНОВАНИЙ БЮДЖЕТА БОЛЬШЕИГНАТОВСКОГО МУНИЦИПАЛЬНОГО РАЙОНА РЕСПУБЛИКИ МОРДОВИЯ ПО ЦЕЛЕВЫМ СТАТЬЯМ (МУНИЦИПАЛЬНЫМ ПРОГРАММАМ И НЕПРОГРАММНЫМ НАПРАВЛЕНИЯМ ДЕЯТЕЛЬНОСТИ), ГРУППАМ И ПОДГРУППАМ ВИДОВ РАСХОДОВ, РАЗДЕЛАМ И ПОДРАЗДЕЛАМ КЛАССИФИКАЦИИ РАСХОДОВ БЮДЖЕТОВ НА 2022 ГОД И НА ПЛАНОВЫЙ ПЕРИОД 2023 И 2024 ГОДОВ
I3: (тыс. рублей)
A4: Наименование | B4: ЦСР | F4: ВР | G4: Рз | H4: ПРз | I4: Адм | J4: сумма
J5: 2022 год | K5: 2023 | L5: 2024 год
A6: 1 | B6: 2 | C6: 3 | D6: 4 | E6: 5 | F6: 6 | G6: 7 | H6: 8 | I6: 9 | J6: 11 | L6: 12
A7: Всего | J7: =J8+J19+J175+J190+J283+J291+J299+J331+J352+J483+J521+J537+J553+J584+J623+J576+J219+J381+J427+J499+J545+J561+2 -> 200543.24 | K7: =K8+K19+K175+K190+K283+K291+K299+K331+K352+K483+K521+K537+K553+K584+K623+K576+K219+K381+K427+K499+K545+K561 -> 111943.7 | L7: =L8+L19+L175+L190+L283+L291+L299+L331+L352+L483+L521+L537+L553+L584+L623+L576+L219+L381+L427+L499+L545+L561 -> 85104.1
A8: Муниципальная программа «Развитие муниципальной службы в Большеигнатовском муниципальном районе(2015-2024 годы)» | B8: 01 | J8: =J9 -> 12 | K8: =K9 -> 30 | L8: =L9 -> 30
A9: Основное мероприятие "Повышение квалификации муниципальных служащих" | B9: 01 | C9: 0 | D9: 01 | J9: =J10 -> 12 | K9: =K10 -> 30 | L9: =L10 -> 30
A10: Подготовка, переподготовка и повышение квалификации кадров | B10: 01 | C10: 0 | D10: 01 | E10: 41250 | J10: =J11 -> 12 | K10: =K11 -> 30 | L10: =L11 -> 30
A11: Расходы на выплаты персоналу в целях обеспечения выполнения функций государственными (муниципальными) органами, казенными учреждениями, органами управления государственными внебюджетными фондами | B11: 01 | C11: 0 | D11: 01 | E11: 41250 | F11: 100 | J11: =J12 -> 12 | K11: =K12 -> 30 | L11: =L12 -> 30
A12: Расходы на выплаты персоналу государственных (муниципальных) органов | B12: 01 | C12: 0 | D12: 01 | E12: 41250 | F12: 120 | J12: =J13 -> 12 | K12: =K13 -> 30 | L12: =L13 -> 30
A13: Общегосударственные вопросы | B13: 01 | C13: 0 | D13: 01 | E13: 41250 | F13: 120 | G13: 01 | J13: =J14+J18 -> 12 | K13: =K14+K18 -> 30 | L13: =L14+L18 -> 30
A14: Функционирование Правительства Российской Федерации, высших исполнительных органов государственной власти субъектов Российской Федерации, местных администраций | B14: 01 | C14: 0 | D14: 01 | E14: 41250 | F14: 120 | G14: 01 | H14: 04 | J14: =J15+J16 -> 12 | K14: =K15+K16 -> 28 | L14: =L15+L16 -> 28
A15: Администрация Большеигнатовского муниципального района Республики Мордовия | B15: 01 | C15: 0 | D15: 01 | E15: 41250 | F15: 120 | G15: 01 | H15: 04 | I15: 900 | J15: ='ведомст 3'!K29 -> 12 | K15: ='ведомст 3'!L29 -> 25 | L15: ='ведомст 3'!M29 -> 25
A16: Управление по социальной работе Администрации Большеигнатовского муниципального района Республики Мордовия | B16: 01 | C16: 0 | D16: 01 | E16: 41250 | F16: 120 | G16: 01 | H16: 04 | I16: 926 | J16: ='ведомст 3'!K382 -> 0 | K16: ='ведомст 3'!L382 -> 3 | L16: ='ведомст 3'!M382 -> 3
A17: Обеспечение деятельности финансовых, налоговых и таможенных органов и органов финансового (финансово-бюджетного) надзора | B17: 01 | C17: 0 | D17: 01 | E17: 41250 | F17: 120 | G17: 01 | H17: 06 | J17: =J18 -> 0 | K17: =K18 -> 2 | L17: =L18 -> 2
A18: Финансовое управление Администрации Большеигнатовского муниципального района Республики Мордовия | B18: 01 | C18: 0 | D18: 01 | E18: 41250 | F18: 120 | G18: 01 | H18: 06 | I18: 901 | J18: ='ведомст 3'!K302 -> 0 | K18: ='ведомст 3'!L302 -> 2 | L18: ='ведомст 3'!M302 -> 2
A19: Муниципальная программа «Развитие образования в Большеигнатовском муниципальном районе Республики Мордовия на 2015-2025 годы" | B19: 02 0 | J19: =J20+J122+J156 -> 86715.5 | K19: =K20+K122+K156 -> 45068.3 | L19: =L20+L122+L156 -> 41521.6 | N19: =J27+J33+J40+J64+J70+J76+J81+J88+J101+J107+J114+J129+J135+J148+J155+J163+J167+J174 -> 84471 | O19: =K27+K33+K40+K64+K70+K76+K81+K88+K101+K107+K114+K129+K135+K148+K155+K163+K167+K174 -> 45068.3 | P19: =L27+L33+L40+L64+L70+L76+L81+L88+L101+L107+L114+L129+L135+L148+L155+L163+L167+L174 -> 41521.6 | Q19: =N27+N33+N40+N64+N70+N76+N81+N88+N101+N107+N114+N129+N135+N148+N155+N163+N167+N174 -> 0 | R19: =O27+O33+O40+O64+O70+O76+O81+O88+O101+O107+O114+O129+O135+O148+O155+O163+O167+O174 -> 0 | S19: =P27+P33+P40+P64+P70+P76+P81+P88+P101+P107+P114+P129+P135+P148+P155+P163+P167+P174 -> 0 | T19: =Q27+Q33+Q40+Q64+Q70+Q76+Q81+Q88+Q101+Q107+Q114+Q129+Q135+Q148+Q155+Q163+Q167+Q174 -> 0
A20: Подпрограмма "Развитие системы дошкольного, общего и дополнительного образования детей в Большеигнатовском муниципальном районе РМ на 2015-2025 г." | B20: 02 | C20: 1 | J20: =J21+J34+J95+J108+J115 -> 83417.7 | K20: =K21+K34+K95+K108+K115 -> 41460.8 | L20: =L21+L34+L95+L108+L115 -> 37914
A21: Основное мероприятие «Развитие дошкольного образования» | B21: 02 | C21: 1 | D21: 01 | J21: =J22+J28 -> 7862.7 | K21: =K22+K28 -> 5021.5 | L21: =L22+L28 -> 5043.6
A22: Дошкольные образовательные организации | B22: 02 | C22: 1 | D22: 01 | E22: 61100 | J22: =J23 -> 1470 | K22: =K23 -> 1488.9 | L22: =L23 -> 2248.1
A23: Предоставление субсидий бюджетным, автономным учреждениям и иным некоммерческим организациям | B23: 02 | C23: 1 | D23: 01 | E23: 61100 | F23: 600 | J23: =J24 -> 1470 | K23: =K24 -> 1488.9 | L23: =L24 -> 2248.1
A24: Субсидии бюджетным учреждениям | B24: 02 | C24: 1 | D24: 01 | E24: 61100 | F24: 610 | J24: =J25 -> 1470 | K24: =K25 -> 1488.9 | L24: =L25 -> 2248.1
A25: Образование | B25: 02 | C25: 1 | D25: 01 | E25: 61100 | F25: 610 | G25: 07 | J25: =J26 -> 1470 | K25: =K26 -> 1488.9 | L25: =L26 -> 2248.1
A26: Дошкольное образование | B26: 02 | C26: 1 | D26: 01 | E26: 61100 | F26: 610 | G26: 07 | H26: 01 | J26: =J27 -> 1470 | K26: =K27 -> 1488.9 | L26: =L27 -> 2248.1
A27: Управление по социальной работе Администрации Большеигнатовского муниципального района Республики Мордовия | B27: 02 | C27: 1 | D27: 01 | E27: 61100 | F27: 610 | G27: 07 | H27: 01 | I27: 926 | J27: ='ведомст 3'!K421 -> 1470 | K27: ='ведомст 3'!L421 -> 1488.9 | L27: ='ведомст 3'!M421 -> 2248.1
A28: Осуществление государственных полномочий Республики Мордовия по обеспечению государственных гарантий реализации прав на получение общедоступного и бесплатного дошкольного образования в муниципальных дошкольных образовательных организациях, в муниципальных общеобразовательных организациях, включая расходы на оплату труда, приобретение учебников и учебных пособий, средств обучения, игр, игрушек (за исключением расходов на содержание зданий и оплату коммунальных услуг) | B28: 02 | C28: 1 | D28: 01 | E28: 77090 | J28: =J29 -> 6392.7 | K28: =K29 -> 3532.6 | L28: =L29 -> 2795.5
A29: Предоставление субсидий бюджетным, автономным учреждениям и иным некоммерческим организациям | B29: 02 | C29: 1 | D29: 01 | E29: 77090 | F29: 600 | J29: =J30 -> 6392.7 | K29: =K30 -> 3532.6 | L29: =L30 -> 2795.5
A30: Субсидии бюджетным учреждениям | B30: 02 | C30: 1 | D30: 01 | E30: 77090 | F30: 610 | J30: =J31 -> 6392.7 | K30: =K31 -> 3532.6 | L30: =L31 -> 2795.5
A31: Образование | B31: 02 | C31: 1 | D31: 01 | E31: 77090 | F31: 610 | G31: 07 | J31: =J32 -> 6392.7 | K31: =K32 -> 3532.6 | L31: =L32 -> 2795.5
A32: Дошкольное образование | B32: 02 | C32: 1 | D32: 01 | E32: 77090 | F32: 610 | G32: 07 | H32: 01 | J32: =J33 -> 6392.7 | K32: =K33 -> 3532.6 | L32: =L33 -> 2795.5
A33: Управление по социальной работе Администрации Большеигнатовского муниципального района Республики Мордовия | B33: 02 | C33: 1 | D33: 01 | E33: 77090 | F33: 610 | G33: 07 | H33: 01 | I33: 926 | J33: ='ведомст 3'!K424 -> 6392.7 | K33: ='ведомст 3'!L424 -> 3532.6 | L33: ='ведомст 3'!M424 -> 2795.5
A34: Основное мероприятие «Развитие общего образования» | B34: 02 | C34: 1 | D34: 02 | J34: =J65+J71+J77+J35+J83+J64+J41+J89+J47+J53 -> 64032 | K34: =K65+K71+K77+K35+K83+K64+K41+K89 -> 33736.8 | L34: =L65+L71+L77+L35+L83+L64+L41+L89 -> 28814.9
A35: Организация предоставления бесплатного питания обучающимся с ограниченными возможностями здоровья в муниципальных образовательных организациях, в том числе в случае обучения по медицинским показаниям на дому | B35: 02 | C35: 1 | D35: 02 | E35: 42470 | J35: =J36 -> 150 | K35: =K36 -> 100 | L35: =L36 -> 100
A36: Предоставление субсидий бюджетным, автономным учреждениям и иным некоммерческим организациям | B36: 02 | C36: 1 | D36: 02 | E36: 42470 | F36: 600 | J36: =J37 -> 150 | K36: =K37 -> 100 | L36: =L37 -> 100
A37: Субсидии бюджетным учреждениям | B37: 02 | C37: 1 | D37: 02 | E37: 42470 | F37: 610 | J37: =J38 -> 150 | K37: =K38 -> 100 | L37: =L38 -> 100
A38: Образование | B38: 02 | C38: 1 | D38: 02 | E38: 42470 | F38: 610 | G38: 07 | J38: =J39 -> 150 | K38: =K39 -> 100 | L38: =L39 -> 100
A39: Общее образование | B39: 02 | C39: 1 | D39: 02 | E39: 42470 | F39: 610 | G39: 07 | H39: 02 | J39: =J40 -> 150 | K39: =K40 -> 100 | L39: =L40 -> 100
A40: Управление по социальной работе Администрации Большеигнатовского муниципального района Республики Мордовия | B40: 02 | C40: 1 | D40: 02 | E40: 42470 | F40: 610 | G40: 07 | H40: 02 | I40: 926 | J40: ='ведомст 3'!K431 -> 150 | K40: ='ведомст 3'!L431 -> 100 | L40: ='ведомст 3'!M431 -> 100
A41: Проектно-изыскательные работы | B41: 02 | C41: 1 | D41: 02 | E41: 42570 | J41: =J42 -> 1000 | K41: =K42 -> 0 | L41: =L42 -> 0
A42: Предоставление субсидий бюджетным, автономным учреждениям и иным некоммерческим организациям | B42: 02 | C42: 1 | D42: 02 | E42: 42570 | F42: 600 | J42: =J43 -> 1000 | K42: =K43 -> 0 | L42: =L43 -> 0
A43: Субсидии бюджетным учреждениям | B43: 02 | C43: 1 | D43: 02 | E43: 42570 | F43: 610 | J43: =J44 -> 1000 | K43: =K44 -> 0 | L43: =L44 -> 0
A44: Образование | B44: 02 | C44: 1 | D44: 02 | E44: 42570 | F44: 610 | G44: 07 | J44: =J45 -> 1000 | K44: =K45 -> 0 | L44: =L45 -> 0
A45: Общее образование | B45: 02 | C45: 1 | D45: 02 | E45: 42570 | F45: 610 | G45: 07 | H45: 02 | J45: =J46 -> 1000 | K45: =K46 -> 0 | L45: =L46 -> 0
A46: Управление по социальной работе Администрации Большеигнатовского муниципального района Республики Мордовия | B46: 02 | C46: 1 | D46: 02 | E46: 42570 | F46: 610 | G46: 07 | H46: 02 | I46: 926 | J46: ='ведомст 3'!K434 -> 1000 | K46: ='ведомст 3'!L434 -> 0 | L46: ='ведомст 3'!M434 -> 0
A47: Организация бесплатного горячего питания обучающихся в муниципальных образовательных организациях, прибывших в экстренном массовом порядке с территории Украины, Донецкой Народной Республики и Луганской Народной Республики, на территорию Большеигнатовского муниципального района | B47: 02 | C47: 1 | D47: 02 | E47: 42640 | J47: =J48 -> 12 | K47: =K48 -> 0 | L47: =L48 -> 0
A48: Предоставление субсидий бюджетным, автономным учреждениям и иным некоммерческим организациям | B48: 02 | C48: 1 | D48: 02 | E48: 42640 | F48: 600 | J48: =J49 -> 12 | K48: =K49 -> 0 | L48: =L49 -> 0
A49: Субсидии бюджетным учреждениям | B49: 02 | C49: 1 | D49: 02 | E49: 42640 | F49: 610 | J49: =J50 -> 12 | K49: =K50 -> 0 | L49: =L50 -> 0
A50: Образование | B50: 02 | C50: 1 | D50: 02 | E50: 42640 | F50: 610 | G50: 07 | J50: =J51 -> 12 | K50: =K51 -> 0 | L50: =L51 -> 0
A51: Общее образование | B51: 02 | C51: 1 | D51: 02 | E51: 42640 | F51: 610 | G51: 07 | H51: 02 | J51: =J52 -> 12 | K51: =K52 -> 0 | L51: =L52 -> 0
A52: Управление по социальной работе Администрации Большеигнатовского муниципального района Республики Мордовия | B52: 02 | C52: 1 | D52: 02 | E52: 42640 | F52: 610 | G52: 07 | H52: 02 | I52: 926 | J52: ='ведомст 3'!K437 -> 12 | K52: ='ведомст 3'!L437 -> 0 | L52: ='ведомст 3'!M437 -> 0
A53: Организация предоставления бесплатного двухразового питания в муниципальных общеобразовательных организациях членам семей военнослужащих, обучающимся, осваивающим образовательные программы начального общего, основного общего и среднего общего образования | B53: 02 | C53: 1 | D53: 02 | E53: 42650 | J53: =J54 -> 6 | K53: =K54 -> 0 | L53: =L54 -> 0
A54: Предоставление субсидий бюджетным, автономным учреждениям и иным некоммерческим организациям | B54: 02 | C54: 1 | D54: 02 | E54: 42650 | F54: 600 | J54: =J55 -> 6 | K54: =K55 -> 0 | L54: =L55 -> 0
A55: Субсидии бюджетным учреждениям | B55: 02 | C55: 1 | D55: 02 | E55: 42650 | F55: 610 | J55: =J56 -> 6 | K55: =K56 -> 0 | L55: =L56 -> 0
A56: Образование | B56: 02 | C56: 1 | D56: 02 | E56: 42650 | F56: 610 | G56: 07 | J56: =J57 -> 6 | K56: =K57 -> 0 | L56: =L57 -> 0
A57: Общее образование | B57: 02 | C57: 1 | D57: 02 | E57: 42650 | F57: 610 | G57: 07 | H57: 02 | J57: =J58 -> 6 | K57: =K58 -> 0 | L57: =L58 -> 0
A58: Управление по социальной работе Администрации Большеигнатовского муниципального района Республики Мордовия | B58: 02 | C58: 1 | D58: 02 | E58: 42650 | F58: 610 | G58: 07 | H58: 02 | I58: 926 | J58: ='ведомст 3'!K440 -> 6 | K58: ='ведомст 3'!L440 -> 0 | L58: ='ведомст 3'!M440 -> 0
A59: Обеспечение выплат ежемесячного денежного вознаграждения за классное руководство педагогическим работникам муниципальных общеобразовательных организаций | B59: 02 | C59: 1 | D59: 02 | E59: 53030 | J59: =J60 -> 3346 | K59: =K60 -> 3459.7 | L59: =L60 -> 3392.8
A60: Предоставление субсидий бюджетным, автономным учреждениям и иным некоммерческим организациям | B60: 02 | C60: 1 | D60: 02 | E60: 53030 | F60: 600 | J60: =J61 -> 3346 | K60: =K61 -> 3459.7 | L60: =L61 -> 3392.8
A61: Субсидии бюджетным учреждениям | B61: 02 | C61: 1 | D61: 02 | E61: 53030 | F61: 610 | J61: =J62 -> 3346 | K61: =K62 -> 3459.7 | L61: =L62 -> 3392.8
A62: Образование | B62: 02 | C62: 1 | D62: 02 | E62: 53030 | F62: 610 | G62: 07 | J62: =J63 -> 3346 | K62: =K63 -> 3459.7 | L62: =L63 -> 3392.8
A63: Общее образование | B63: 02 | C63: 1 | D63: 02 | E63: 53030 | F63: 610 | G63: 07 | H63: 02 | J63: =J64 -> 3346 | K63: =K64 -> 3459.7 | L63: =L64 -> 3392.8
A64: Управление по социальной работе Администрации Большеигнатовского муниципального района Республики Мордовия | B64: 02 | C64: 1 | D64: 02 | E64: 53030 | F64: 610 | G64: 07 | H64: 02 | I64: 926 | J64: ='ведомст 3'!K443 -> 3346 | K64: ='ведомст 3'!L443 -> 3459.7 | L64: ='ведомст 3'!M443 -> 3392.8
A65: Школы-детские сады, школы начальные, неполные средние и средние | B65: 02 | C65: 1 | D65: 02 | E65: 61090 | J65: =J66 -> 11300 | K65: =K66 -> 3769.4 | L65: =L66 -> 3692.5
A66: Предоставление субсидий бюджетным, автономным учреждениям и иным некоммерческим организациям | B66: 02 | C66: 1 | D66: 02 | E66: 61090 | F66: 600 | J66: =J67 -> 11300 | K66: =K67 -> 3769.4 | L66: =L67 -> 3692.5
A67: Субсидии бюджетным учреждениям | B67: 02 | C67: 1 | D67: 02 | E67: 61090 | F67: 610 | J67: =J68 -> 11300 | K67: =K68 -> 3769.4 | L67: =L68 -> 3692.5
A68: Образование | B68: 02 | C68: 1 | D68: 02 | E68: 61090 | F68: 610 | G68: 07 | J68: =J69 -> 11300 | K68: =K69 -> 3769.4 | L68: =L69 -> 3692.5
A69: Общее образование | B69: 02 | C69: 1 | D69: 02 | E69: 61090 | F69: 610 | G69: 07 | H69: 02 | J69: =J70 -> 11300 | K69: =K70 -> 3769.4 | L69: =L70 -> 3692.5
A70: Управление по социальной работе Администрации Большеигнатовского муниципального района Республики Мордовия | B70: 02 | C70: 1 | D70: 02 | E70: 61090 | F70: 610 | G70: 07 | H70: 02 | I70: 926 | J70: ='ведомст 3'!K446 -> 11300 | K70: ='ведомст 3'!L446 -> 3769.4 | L70: ='ведомст 3'!M446 -> 3692.5
A71: Осуществление государственных полномочий Республики Мордовия по организации предоставления обучающимся в муниципальных общеобразовательных организациях Республики Мордовия из малоимущих семей питания с освобождением от оплаты его стоимости | B71: 02 | C71: 1 | D71: 02 | E71: 77070 | J71: =J72 -> 1127 | K71: =K72 -> 876.9 | L71: =L72 -> 876.9
A72: Предоставление субсидий бюджетным, автономным учреждениям и иным некоммерческим организациям | B72: 02 | C72: 1 | D72: 02 | E72: 77070 | F72: 600 | J72: =J73 -> 1127 | K72: =K73 -> 876.9 | L72: =L73 -> 876.9
A73: Субсидии бюджетным учреждениям | B73: 02 | C73: 1 | D73: 02 | E73: 77070 | F73: 610 | J73: =J74 -> 1127 | K73: =K74 -> 876.9 | L73: =L74 -> 876.9
A74: Социальная политика | B74: 02 | C74: 1 | D74: 02 | E74: 77070 | F74: 610 | G74: 10 | J74: =J75 -> 1127 | K74: =K75 -> 876.9 | L74: =L75 -> 876.9
A75: Социальное обеспечение населения | B75: 02 | C75: 1 | D75: 02 | E75: 77070 | F75: 610 | G75: 10 | H75: 03 | J75: =J76 -> 1127 | K75: =K76 -> 876.9 | L75: =L76 -> 876.9
A76: Управление по социальной работе Администрации Большеигнатовского муниципального района Республики Мордовия | B76: 02 | C76: 1 | D76: 02 | E76: 77070 | F76: 610 | G76: 10 | H76: 03 | I76: 926 | J76: ='ведомст 3'!K542 -> 1127 | K76: ='ведомст 3'!L542 -> 876.9 | L76: ='ведомст 3'!M542 -> 876.9
A77: Осуществление государственных полномочий Республики Мордовия по обеспечению государственных гарантий реализации прав на получение общедоступного и бесплатного начального общего, основного общего, среднего общего образования в муниципальных общеобразовательных организациях, обеспечение дополнительного образования детей в муниципальных общеобразовательных организациях, включая расходы на оплату труда, приобретение учебников и учебных пособий, средств обучения, игр, игрушек (за исключением расходов на содержание зданий и оплату коммунальных услуг) | B77: 02 | C77: 1 | D77: 02 | E77: 77080 | J77: =J78 -> 44670.2 | K77: =K78 -> 24321.5 | L77: =L78 -> 19509.5
A78: Предоставление субсидий бюджетным, автономным учреждениям и иным некоммерческим организациям | B78: 02 | C78: 1 | D78: 02 | E78: 77080 | F78: 600 | J78: =J79 -> 44670.2 | K78: =K79 -> 24321.5 | L78: =L79 -> 19509.5
A79: Субсидии бюджетным учреждениям | B79: 02 | C79: 1 | D79: 02 | E79: 77080 | F79: 610 | J79: =J80 -> 44670.2 | K79: =K80 -> 24321.5 | L79: =L80 -> 19509.5
A80: Образование | B80: 02 | C80: 1 | D80: 02 | E80: 77080 | F80: 610 | G80: 07 | J80: =J81 -> 44670.2 | K80: =K81 -> 24321.5 | L80: =L81 -> 19509.5
A81: Общее образование | B81: 02 | C81: 1 | D81: 02 | E81: 77080 | F81: 610 | G81: 07 | H81: 02 | J81: =J82 -> 44670.2 | K81: =K82 -> 24321.5 | L81: =L82 -> 19509.5
A82: Управление по социальной работе Администрации Большеигнатовского муниципального района Республики Мордовия | B82: 02 | C82: 1 | D82: 02 | E82: 77080 | F82: 610 | G82: 07 | H82: 02 | I82: 926 | J82: ='ведомст 3'!K449 -> 44670.2 | K82: ='ведомст 3'!L449 -> 24321.5 | L82: ='ведомст 3'!M449 -> 19509.5
A83: Организация бесплатного горячего питания обучающихся, получающих начальное общее образование в муниципальных образовательных организациях | B83: 02 | C83: 1 | D83: 02 | E83: L3040 | J83: =J84 -> 1270.3 | K83: =K84 -> 1209.3 | L83: =L84 -> 1243.2
A84: Предоставление субсидий бюджетным, автономным учреждениям и иным некоммерческим организациям | B84: 02 | C84: 1 | D84: 02 | E84: L3040 | F84: 600 | J84: =J85 -> 1270.3 | K84: =K85 -> 1209.3 | L84: =L85 -> 1243.2
A85: Субсидии бюджетным учреждениям | B85: 02 | C85: 1 | D85: 02 | E85: L3040 | F85: 610 | J85: =J86 -> 1270.3 | K85: =K86 -> 1209.3 | L85: =L86 -> 1243.2
A86: Образование | B86: 02 | C86: 1 | D86: 02 | E86: L3040 | F86: 610 | G86: 07 | J86: =J87 -> 1270.3 | K86: =K87 -> 1209.3 | L86: =L87 -> 1243.2
A87: Общее образование | B87: 02 | C87: 1 | D87: 02 | E87: L3040 | F87: 610 | G87: 07 | H87: 02 | J87: =J88 -> 1270.3 | K87: =K88 -> 1209.3 | L87: =L88 -> 1243.2
A88: Управление по социальной работе Администрации Большеигнатовского муниципального района Республики Мордовия | B88: 02 | C88: 1 | D88: 02 | E88: L3040 | F88: 610 | G88: 07 | H88: 02 | I88: 926 | J88: ='ведомст 3'!K452 -> 1270.3 | K88: ='ведомст 3'!L452 -> 1209.3 | L88: ='ведомст 3'!M452 -> 1243.2
A89: Укрепление материально-технической базы общеобразовательных организаций | B89: 02 | C89: 1 | D89: 02 | E89: S6050 | J89: =J90 -> 1150.5 | K89: =K90 -> 0 | L89: =L90 -> 0
A90: Предоставление субсидий бюджетным, автономным учреждениям и иным некоммерческим организациям | B90: 02 | C90: 1 | D90: 02 | E90: S6050 | F90: 600 | J90: =J91 -> 1150.5 | K90: =K91 -> 0 | L90: =L91 -> 0
A91: Субсидии бюджетным учреждениям | B91: 02 | C91: 1 | D91: 02 | E91: S6050 | F91: 610 | J91: =J92 -> 1150.5 | K91: =K92 -> 0 | L91: =L92 -> 0
A92: Образование | B92: 02 | C92: 1 | D92: 02 | E92: S6050 | F92: 610 | G92: 07 | J92: =J93 -> 1150.5 | K92: =K93 -> 0 | L92: =L93 -> 0
A93: Образование | B93: 02 | C93: 1 | D93: 02 | E93: S6050 | F93: 610 | G93: 07 | H93: 02 | J93: =J94 -> 1150.5 | K93: =K94 -> 0 | L93: =L94 -> 0
A94: Управление по социальной работе Администрации Большеигнатовского муниципального района Республики Мордовия | B94: 02 | C94: 1 | D94: 02 | E94: S6050 | F94: 610 | G94: 07 | H94: 02 | I94: 926 | J94: ='ведомст 3'!K455 -> 1150.5 | K94: ='ведомст 3'!L455 -> 0 | L94: ='ведомст 3'!M455 -> 0
A95: Основное мероприятие «Развитие дополнительного образования детей» | B95: 02 | C95: 1 | D95: 03 | J95: =J96+J102 -> 11000 | K95: =K96+K102 -> 2332.5 | L95: =L96+L102 -> 3685.5
A96: Условно утвержденные расходы | B96: 02 | C96: 1 | D96: 03 | E96: 41990 | J96: =J97 -> 0 | K96: =K97 -> 1260 | L96: =L97 -> 2613
A97: Иные бюджетные ассигнования | B97: 02 | C97: 1 | D97: 03 | E97: 41990 | F97: 800 | J97: =J98 -> 0 | K97: =K98 -> 1260 | L97: =L98 -> 2613
A98: Резервные средства | B98: 02 | C98: 1 | D98: 03 | E98: 41990 | F98: 870 | J98: =J99 -> 0 | K98: =K99 -> 1260 | L98: =L99 -> 2613
A99: Условно утвержденные расходы | B99: 02 | C99: 1 | D99: 03 | E99: 41990 | F99: 870 | G99: 99 | J99: =J100 -> 0 | K99: =K100 -> 1260 | L99: =L100 -> 2613
A100: Условно утвержденные расходы | B100: 02 | C100: 1 | D100: 03 | E100: 41990 | F100: 870 | G100: 99 | H100: 99 | J100: =J101 -> 0 | K100: =K101 -> 1260 | L100: =L101 -> 2613
...

Sheet прил 6 инвести
C1: Приложение 6
B5: к решению Совета депутатов Большеигнатовского муниципального района
B6: Республики Мордовия
B7: «О бюджете Большеигнатовского муниципального района
A8: Республики Мордовия на 2022 год и плановый период 2023 и 2024 годов"
B10: от 28.12.2022 г. №.
A12: РАСПРЕДЕЛЕНИЕ БЮДЖЕТНЫХ АССИГНОВАНИЙ БЮДЖЕТА БОЛЬШЕИГНАТОВСКОГО МУНИЦИПАЛЬНОГО РАЙОНА РЕСПУБЛИКИ МОРДОВИЯ НА ОСУЩЕСТВЛЕНИЕ БЮДЖЕТНЫХ ИНВЕСТИЦИЙ В ФОРМЕ КАПИТАЛЬНЫХ ВЛОЖЕНИЙ В ОБЪЕКТЫ МУНИЦИПАЛЬНОЙ СОБСТВЕННОСТИ НА 2022 ГОД И НА ПЛАНОВЫЙ ПЕРИОД 2023 И 2024 ГОДОВ
J13: (тыс.рублей)
A14: Наименование | B14: Цср | F14: Рз | G14: Прз | H14: Адм | I14: Сумма
I15: 2022 год | J15: 2023 год | K15: 2024 год
A16: 1 | B16: 2 | C16: 3 | D16: 4 | E16: 5 | F16: 6 | G16: 7 | H16: 8 | I16: 9 | J16: 10 | K16: 11
A17: ВСЕГО | I17: =I18+I25 -> 4572.3 | J17: =J18+J25 -> 0 | K17: =K18+K25 -> 0
A18: Муниципальная программа Большеигнатовского муниципального района Республики Мордовия "Комплексное развитие сельских территорий " на 2020-2025 годы | B18: 22 | I18: =I19 -> 2505.3 | J18: =J19 -> 0 | K18: =K19 -> 0
A19: Строительство (приобретение) жилья, предоставляемого по договору найма жилого помещения | B19: 22 | C19: 1 | D19: 02 | E19: L5762 | F19: 05 | G19: 01 | H19: 900 | I19: ='ведомст 3'!K227 -> 2505.3 | J19: 0 | K19: 0
A25: Муниципальная программа "Жилище" на 2015-2025 годы" | B25: 22 | I25: =I26 -> 2067 | J25: =J26 -> 0 | K25: =K26 -> 0
A26: Осуществление государственных полномочий Республики Мордовия по обеспечению детей-сирот и детей, оставшихся без попечения родителей, лиц из числа детей-сирот и детей, оставшихся без попечения родителей, жилыми помещениями специализированного жилищного фонда | B26: 4 | C26: 3 | D26: 1 | E26: R0820 | F26: 10 | G26: 04 | H26: 900 | I26: 2067 | J26: 0 | K26: 0
H81: =#REF!+#REF!+#REF! -> #REF!
G100: =#REF!+#REF!+#REF! -> #REF!
H119: 50-48
H123: 5
H127: 45
H147: =#REF!+#REF!+#REF!+#REF!+#REF!+#REF!+#REF!+#REF! -> #REF!
H148: =#REF!+#REF!+#REF!+#REF!+#REF!+#REF!+#REF!+#REF! -> #REF!
G161: =#REF!+#REF!+#REF! -> #REF!
H196: =#REF!+#REF!+#REF!+#REF!+#REF! -> #REF! | I196: 672,0+6,2+618,9+298,3
G213: =#REF!+#REF!+#REF!+#REF!+#REF!+#REF!+#REF!+#REF!+#REF! -> #REF!
H221: 3678,5+672,0+6,2
H222: софин на 672,0 (6,2)
H224: добавить
H242: ддт 4118,4+дюсш 6245,3+564,4= | I242: 10928.2
K288: =SUM(K269:K283) -> 0

Sheet прил 7 мб
D2: Приложение 7
A4: к решению Совета депутатов Большеигнатовского
B5: муниципального района Республики Мордовия
A6: «О бюджете Большеигнатовского муниципального района
A7: Республики Мордовия на 2022 год и плановый период 2023 и 2024 годов"
A9: от 28.12.2022 г №
E10: таблица 1
A11: РАСПРЕДЕЛЕНИЕ ДОТАЦИЙ НА ВЫРАВНИВАНИЕ БЮДЖЕТНОЙ ОБЕСПЕЧЕННОСТИ ПОСЕЛЕНИЙ НА 2022 ГОД И НА ПЛАНОВЫЙ ПЕРИОД 2023 И 2024 ГОДОВ
E13: (тыс.руб)
A14: Поселение | B14: сумма
B15: 2022 год | D15: 2023 год | E15: 2024 год
A16: Андреевское сельское поселение | B16: 0.3 | D16: 0.3 | E16: 0.3
A17: Большеигнатовское сельское поселение
A18: Вармазейское сельское поселение | B18: =0.3+0.3 -> 0.6 | D18: 0.6 | E18: 0.6
A19: Горское сельское поселение
A20: Киржеманское сельское поселение | B20: 0.9 | D20: 0.9 | E20: 0.9
A21: Кучкаевское сельское поселение | B21: 0.3 | D21: 0.3 | E21: 0.3
A22: Новобаевское сельское поселение
A23: Новокачаевское сельское поселение
A24: Протасовское сельское поселение | B24: 0.3 | D24: 0.3 | E24: 0.3
A25: Старочамзинское сельское поселение | B25: 0.4 | D25: 0.4 | E25: 0.4
A26: Чукальское сельское поселение | B26: 0.2 | D26: 0.2 | E26: 0.2
A27: ВСЕГО | B27: =SUM(B16:B26) -> 3 | C27: =SUM(C16:C26) -> 0 | D27: =SUM(D16:D26) -> 3 | E27: =SUM(E16:E26) -> 3
E29: таблица 2
A30: РАСПРЕДЕЛЕНИЕ СУБСИДИЙ на софинансирование расходных обязательств по финансовому обеспечению деятельности органов местного самоупровления и муниципальных учреждений Большеигнатовского муниципального района Республики Мордовия НА 2022 ГОД
E31: (тыс.рублей)
A32: Наименование сельских поселений | B32: сумма
A34: Андреевское сельское поселение | B34: 0 | F34: ПУСТЫЕ СТРОКИ, УДАЛИТЬ
A35: Большеигнатовское сельское поселение | B35: 0
A36: Вармазейское сельское поселение | B36: 0
A37: Киржеманское сельское поселение | B37: =549.1+325+259.1 -> 1133.2 | F37: =B37/12 -> 94.433333
A38: Кучкаевское сельское поселение | B38: =3209.1-1000 -> 2209.1 | F38: =B38/12 -> 184.09167
A39: Протасовское сельское поселение | B39: =138.7+60+100+50+50+36 -> 434.7 | F39: =B39/12 -> 36.225
A40: Старочамзинское сельское поселение | B40: =163.3-25 -> 138.3 | F40: =B40/12 -> 11.525
A41: Чукальское сельское поселение | B41: =132-25 -> 107 | F41: =B41/12 -> 8.9166667
A42: ВСЕГО | B42: =B34+B36+B37+B38+B39+B40+B41 -> 4022.3 | F42: =B42/12 -> 335.19167
E43: таблица 3
A44: Распределение иных межбюджетных трансфертов на осуществление полномочий по дорожной деятельности в отношении автомобильных дорог местного значения в границах населенных пунктов поселения и обеспечению безопасности дорожного движения на них, включая создание и обеспечение функционирования парковок (парковочных мест), осуществлению муниципального контроля за сохранностью автомобильных дорог местного значения в границах населенных пунктов поселения, организации дорожного движения, а также осуществлению иных полномочий в области использования автомобильных дорог и осуществления дорожной деятельности в соответствии с законодательством Российской на 2022 год и плановый период 2023 и 2024 годов
E47: тыс.руб.
A48: Поселение | B48: сумма
B49: 2022 год | D49: 2023 год | E49: 2024 год
A50: Андреевское сельское поселение | B50: =53.3+32 -> 85.3 | C50: 516.4 | D50: 53.3 | E50: 53.3
A51: Вармазейское сельское поселение | B51: =134.2+80 -> 214.2 | C51: 379.2 | D51: 106.3 | E51: 106.3
A52: Киржеманское сельское поселение | B52: =249.7+124 -> 373.7 | C52: 1184.2 | D52: 210.4 | E52: 210.4
A53: Кучкаевское сельское поселение | B53: =53.8+33 -> 86.8 | C53: 452.6 | D53: 53.8 | E53: 53.8
A54: Протасовское сельское поселение | B54: =113.8+60 -> 173.8 | C54: 401.7 | D54: 118.8 | E54: 118.8
A55: Старочамзинское сельское поселение | B55: 141.8 | C55: 705 | D55: 141.8 | E55: 141.8
A56: Чукальское сельское поселение | B56: =99.4+41 -> 140.4 | C56: 360.9 | D56: 97.3 | E56: 97.3
A59: ВСЕГО | B59: =B50+B51+B52+B53+B54+B55+B56 -> 1216 | C59: =C50+C51+C52+C53+C54+C55+C56 -> 4000 | D59: =D50+D51+D52+D53+D54+D55+D56 -> 781.7 | E59: =E50+E51+E52+E53+E54+E55+E56 -> 781.7
D96: 50-48
D100: 5
D104: 45
D124: =#REF!+#REF!+#REF!+#REF!+#REF!+#REF!+#REF!+#REF! -> #REF!
D125: =#REF!+#REF!+#REF!+#REF!+#REF!+#REF!+#REF!+#REF! -> #REF!
D173: =#REF!+#REF!+#REF!+#REF!+#REF! -> #REF! | E173: 672,0+6,2+618,9+298,3
D198: 3678,5+672,0+6,2
D199: софин на 672,0 (6,2)
D201: добавить
D219: ддт 4118,4+дюсш 6245,3+564,4= | E219: 10928.2
G265: =SUM(G246:G260) -> 0
